 Dungeon Crawl Stone Soup version 0.18-a0-1628-g61c6396 (webtiles) character file.

967708 Gorice the Demonic Arbalest (level 27, -1/196 HPs)
             Began as a Demonspawn Arcane Marksman on Mar 12, 2016.
             Was the Champion of Okawaru.
             Slain by Gloorx Vloq (18 damage)
             ... in Pandemonium on Mar 25, 2016.
             The game lasted 13:37:01 (95722 turns).

Gorice the Demonic Arbalest (DsAM)                 Turns: 95722, Time: 13:37:03

Health: -1/196     AC: 36    Str: 19 (21) XL:     27
Magic:  0/44       EV: 23    Int: 21 (22) God:    Okawaru [******]
Gold:   8757       SH:  0    Dex: 15      Spells: 12 memorised, 11 levels left

rFire  + . .     SeeInvis +     b - +15 heavy crossbow "Sniper" {velocity, SInv}
rCold  + . .     Gourm    .     B - +10 pearl dragon armour
rNeg   + + .     Faith    .     (shield currently unavailable)
rPois  +         Spirit   +     (helmet unavailable)
rElec  .         Dismiss  .     K - +2 cloak {MR+}
rCorr  .         Reflect  .     u - +2 pair of gloves {Str+3}
SustAt .         Harm     .     I - +2 pair of boots "Nerph" {rC+ MR+ MP+9 Int+3}
MR     ++++.     Rnd*Rage +     Z - amulet of guardian spirit
Stlth  +++.......               z - ring "Erghach" {rN+ Str+2 Slay+2}
                                f - ring of poison resistance

@: finesse, weakened, very slightly contaminated, hasted and slowed, repel
missiles, drained, incredibly resistant to hostile enchantments, fairly stealthy
A: horns 3, repulsion field 3, berserk 1, blurry vision 1, deformed body,
deterioration 2, fire resistance 1, frail 2, ignite blood, low mp 1, spiny 3,
weak 1, augmentation 3, flame cloud immunity, subdued magic 3
a: Heroism, Finesse, Renounce Religion
}: 8/15 runes: decaying, serpentine, slimy, silver, abyssal, demonic, glowing,
magical


You were in Pandemonium.
You worshipped Okawaru.
Okawaru was exalted by your worship.
You were not hungry.

You visited 12 branches of the dungeon, and saw 60 of its levels.
You visited Pandemonium 2 times, and saw 31 of its levels.
You visited the Abyss 1 time.
You also visited: Ice Cave, Volcano and Wizlab.

You collected 9811 gold pieces.
You spent 1054 gold pieces at shops.

Inventory:

Hand Weapons
 a - the +11 great sword "Tyaffoph" {speed, rF+ Str+4 Dex-5}
   (You took it off a deep elf high priest on level 3 of the Elven Halls)

   Attacks with this weapon are significantly faster.
   It affects your strength (+4).
   It affects your dexterity (-5).
   It protects you from fire.
 b - the +15 heavy crossbow "Sniper" (weapon) {velocity, SInv}
   (You acquired it on level 7 of the Dungeon)

   Any bolt fired from it inflicts extra damage.
   It lets you see invisible.
Missiles
 j - 1455 bolts (quivered)
 C - 76 bolts of frost
 S - 125 silver bolts
 X - 93 bolts of penetration
 Y - 5 throwing nets
Armour
 u - a +2 pair of gloves of strength (worn)
   (You bought it in a shop on level 4 of the Vaults)
 B - a +10 pearl dragon armour (worn)
 I - the +2 pair of boots "Nerph" (worn) {rC+ MR+ MP+9 Int+3}
   (Okawaru gifted it to you on level 3 of the Lair of Beasts)

   It affects your intelligence (+3).
   It protects you from cold.
   It affects your resistance to hostile enchantments.
   It affects your magic capacity (+9).
 K - a +2 cloak of magic resistance (worn)
   (You took it off a draconian annihilator in Pandemonium)
Jewellery
 f - a ring of poison resistance (left hand)
 t - an uncursed ring of resist corrosion
 z - the ring "Erghach" (right hand) {rN+ Str+2 Slay+2}
   (You found it on level 4 of the Swamp)

   [ring of slaying]

   It affects your strength (+2).
   It affects your accuracy and damage with ranged weapons and melee attacks
   (+2).
   It protects you from negative energy.
 H - the ring "Dirry" {rC+ MP+9 Str+3 Stlth-}
   (You took it off a monstrous demonspawn in Pandemonium)

   [ring of loudness]

   It affects your strength (+3).
   It protects you from cold.
   It affects your magic capacity (+9).
   It makes you less stealthy.
 Q - the ring "Feuvew" {rF+ Int+5}
   (You took it off a deep elf high priest on level 3 of the Elven Halls)

   [ring of protection from fire]

   It affects your intelligence (+5).
   It protects you from fire.
 Z - an amulet of guardian spirit (around neck)
Wands
 c - a wand of hasting (5/9) {!d}
 h - a wand of teleportation (3/9) {!d}
 w - a wand of heal wounds (1/9) {!d}
 N - a wand of disintegration (18/24)
 T - a wand of teleportation (3/9) {!d}
Scrolls
 i - 8 scrolls of recharging
 p - 6 scrolls of blinking
 r - 4 scrolls of fog
 x - 9 scrolls of magic mapping {!r}
 J - 16 scrolls of teleportation {!r}
 L - 2 scrolls of summoning {!r}
 R - 26 scrolls of remove curse
 U - 31 scrolls of identify
Potions
 k - a potion of invisibility {!q}
 l - 6 potions of haste {!q}
 o - 8 potions of heal wounds {!q}
 q - 8 potions of might {!q}
 y - 10 potions of curing
 A - 5 potions of resistance {!q}
 F - a potion of agility {!q}
 M - 4 potions of cancellation {!q}
Books
 e - a book of the Warp
 m - a book of Necromancy
Miscellaneous
 v - a lamp of fire
 D - a fan of gales
 P - a box of beasts
Comestibles
 g - 27 meat rations {!e}
 O - 48 fruits


   Skills:
 + Level 26.1(26.0) Fighting
 O Level 27(26.9) Crossbows
 - Level 22.0(21.9) Armour
 - Level 16.0(15.9) Dodging
 - Level 10.0(9.9) Stealth
 - Level 12.0(11.9) Spellcasting
 - Level 3.0(2.9) Hexes
 - Level 15.0(14.9) Charms
 - Level 10.0(9.9) Summonings
 * Level 16.9(16.8) Translocations
 - Level 9.2 Invocations
 - Level 12.0(11.9) Evocations


You had 11 spell levels left.
You knew the following spells:

 Your Spells              Type           Power        Failure   Level  Hunger
a - Corona                Hex            #......      1%          1    None
b - Cure Poison           Pois           #.........   1%          2    None
c - Shadow Creatures      Summ           N/A          4%          6    #####..
g - Passage of Golubria   Tloc           N/A          0%          4    None
j - Controlled Blink      Tloc           N/A          36%         8    #######
p - Portal Projectile     Tloc           ####..       0%          3    None
A - Apportation           Tloc           ####......   0%          1    None
B - Summon Butterflies    Summ           ###.....     0%          1    None
H - Haste                 Chrm           ####....     1%          6    #####..
J - Blink                 Tloc           N/A          0%          2    None
R - Regeneration          Chrm/Necr      ###.......   0%          3    None
S - Swiftness             Chrm/Air       ###.....     0%          2    None


Dungeon Overview and Level Annotations

Branches:
Dungeon (15/15)            Temple (1/1) D:6            Lair (8/8) D:10
  Swamp (4/4) Lair:6        Snake (4/4) Lair:6        Slime (6/6) Lair:6
    Orc (2/2) D:9             Elf (3/3) Orc:2        Vaults (5/5) D:13
  Crypt (3/3) Vaults:2       Tomb (0/3) Crypt:3      Depths (5/5) D:15
    Zot (4/5) Depths:5

Altars:
Ashenzari
Cheibriados
Dithmenos
Elyvilon
Fedhas
Gozag
Kikubaaqudgha
Makhleb
Nemelex Xobeh
Okawaru
Pakellas
Qazlal
Ru
Sif Muna
Trog
Vehumet
Xom
Yredelemnul
Zin
The Shining One
Beogh
Jiyva

Shops:
D:12 (   D:14 *   Orc:2 ((:(   Elf:1 }   Elf:3 [   Snake:1 ?   Vaults:4 [[[

Portals:
Hell: Depths:1 Depths:2 Depths:3 Depths:4 Depths:5
Abyss: Depths:2 Depths:4
Pandemonium: Depths:3
Ziggurat: Depths:4

Annotations:
Swamp:1 exclusion: Roxanne, Roxanne
Vaults:5 Frederick
Pan Gloorx Vloq


Innate Abilities, Weirdness & Mutations

You have a pair of large horns on your head.
You are surrounded by a strong repulsion field (EV +4, rMsl).
Your flesh is heat resistant.
Your demonic aura causes spilled blood to erupt in flames.
You are completely covered in sharp spines.
Your magical and physical power is greatly enhanced at high health.
You are immune to clouds of flame.
You tend to lose your temper in combat.
Scrolls take you a little longer to read.
Armour fits poorly on your strangely shaped body.
Your body often deteriorates upon taking damage.
You are very frail (-20% HP).
Your magical capacity is low (-10% MP).
You are weak. (Str -2)
Your spells are much easier to cast, but much less powerful.


Message History

The Executioner hits you but does no damage.
The Executioner hits you.
* * * LOW HITPOINT WARNING * * *
Gloorx Vloq is struck by your spines. Gloorx Vloq barely misses you.
The Executioner is struck by your spines.
The Executioner hits you but does no damage.
The Executioner misses you. x2; Gloorx Vloq completely misses you.
The Executioner is struck by your spines.
The Executioner closely misses you. The Executioner hits you.
* * * LOW HITPOINT WARNING * * *
The Executioner completely misses you.
Unknown command.
Unknown command.
Unknown command.
Evoke which item? (* to show all) (? for menu, Esc to quit)
Zapping:
w - a wand of heal wounds (3/9) {!d}
Press: ? - help, Shift-Dir - straight line, f - you You feel much better.
This wand has 2 charges left.
The Executioner is struck by your spines.
The Executioner completely misses you.
The Executioner hits you but does no damage.
The Executioner hits you.
* * * LOW HITPOINT WARNING * * *
Gloorx Vloq gestures.
The Executioner hits you!!
* * * LOW HITPOINT WARNING * * *
The Executioner misses you.
The Executioner hits you but does no damage.
Gloorx Vloq calls on the powers of darkness!
Your body is wracked with pain!
* * * LOW HITPOINT WARNING * * *
The Executioner is struck by your spines.
The Executioner hits you!
* * * LOW HITPOINT WARNING * * *
The Executioner hits you but does no damage. x2
Damage: 27 (max 66) Unknown command.
Unknown command.
Unknown command.
Evoke which item? (* to show all) (? for menu, Esc to quit)
Zapping:
w - a wand of heal wounds (2/9) {!d}
Press: ? - help, Shift-Dir - straight line, f - you You feel much better.
This wand has 1 charge left.
The Executioner is struck by your spines.
The Executioner hits you!
* * * LOW HITPOINT WARNING * * *
The Executioner barely misses you.
The Executioner hits you but does no damage.
Gloorx Vloq hits you!!
You die...

..................#..#
...................#.#
################..#..#
#####...#.#
##...#..#..#
###..#.#...#.#
####......#..#..#
#####.....#.#.#§§.#.#
##..........1..#@1#..#
.........#.#§#.##&s#.#
.............&1'1s#..#
.......#.#.#.#§'..1#.#
1§...........§.§..#..#
...§.....#.#.#.##..#.#
##...§§§§......#..#..#
#####§§...#.#.#...#.#
####......#..#..#


You could see Gloorx Vloq, 2 Executioners and 2 demonic crawlers.

Vanquished Creatures
  the Royal Jelly (Slime:6)
  11 pandemonium lords (Pan)
  Lom Lobon (Pan)
  Mnoleg (Pan)
  Khufu (Crypt:3)
  Mara (Vaults:4)
  2 orbs of fire (Zot:3)
  4 ancient liches
  The ghost of stickyfingers the Bane of Scribes, a legendary HuAs of Trog (Depths:4)
  A juggernaut (Depths:4)
  A greater mummy (Crypt:3)
  the Lernaean hydra (Swamp:4)
  Norris (Vaults:3)
  Saint Roka (Snake:4)
  Margery (Vaults:4)
  A curse toe (Zot:4)
  A profane servitor (Abyss:1)
  11 golden dragons
  The ghost of namelastname112 the Severer, an adept DrGl of Makhleb (Elf:3)
  Jory (Depths:5)
  Nikola (Snake:1)
  4 bone dragons
  Xtahua (Depths:5)
  5 Brimstone Fiends (Pan)
  5 Tzitzimimeh (Pan)
  2 electric golems
  7 liches
  6 Ice Fiends (Pan)
  22 tentacled monstrosities
  Rupert (D:13)
  6 Hell Sentinels
  2 quicksilver dragons
  Asterion (Elf:1)
  7 titans
  2 deep elf master archers (Elf:3)
  13 ancient champions
  4 deep elf blademasters (Elf:3)
  27 Executioners (Pan)
  14 acid blobs
  6 sphinxes
  An eldritch tentacle (Pan)
  3 death cobs
  3 thorn hunters
  4 tentacled starspawn
  7 storm dragons
  4 tengu reavers
  8 shadow dragons
  15 azure jellies
  5 draconian monks
  Agnes (Vaults:2)
  7 revenants
  14 greater nagas (Snake:4)
  Donald (Snake:2)
  28 vault wardens
  The ghost of AnCiEnTIStOnEIBeAsT the Black Belt, an adept DsBe of Trog (Swamp:2)
  10 frost giants
  9 fire giants
  The ghost of namelastname112 the Severer, a journeyman DrBe of Trog (Depths:1)
  6 ghost moths
  4 draconian knights
  Wiglaf (Vaults:2)
  3 orc warlords (Orc:2)
  Maud (Lair:7)
  Louise (Snake:4)
  A caustic shrike zombie (Crypt:2)
  23 cacodemons (Pan)
  7 draconian shifters
  6 deep elf sorcerers
  7 draconian zealots
  15 balrugs (Pan)
  8 draconian scorchers
  4 curse skulls
  2 spriggan defenders
  4 deep elf elementalists
  16 ghouls
  8 reapers
  7 warmongers (Pan)
  11 black suns (Pan)
  13 ironheart preservers
  2 caustic shrike skeletons
  12 draconian annihilators
  20 blood saints (Pan)
  A war gargoyle (Vaults:5)
  A salamander stormcaller (Vaults:5)
  20 stone giants
  7 lorocyprocas
  7 corrupters (Pan)
  8 draconian callers
  9 vampire knights
  13 very ugly things
  5 deep elf demonologists
  6 green draconians
  Nessos (Lair:6)
  7 chaos champions (Pan)
  10 purple draconians
  14 red draconians
  6 white draconians
  7 mottled draconians
  8 deep elf annihilators
  4 yellow draconians
  9 black draconians
  23 green deaths (Pan)
  11 ettins
  34 vault guards
  6 spark wasps
  16 deep elf death magi
  3 eidola
  13 fire dragons
  22 blizzard demons
  7 death oozes (Slime:6)
  3 deep elf high priests
  15 jiangshi
  Josephine (D:13)
  20 yaktaur captains
  An entropy weaver (shapeshifter) (Depths:2)
  20 hydras
  8 great orbs of eyes
  17 ice dragons
  23 naga warriors
  7 rakshasas
  Harold (Orc:1)
  9 monstrous demonspawn (Pan)
  A hell beast (Pan)
  4 entropy weavers
  13 centaur warriors
  4 death knights
  3 ghost crabs (Swamp:4)
  4 spriggan air magi
  8 anacondas
  3 catoblepae (Lair:8)
  7 deep troll shamans
  5 alligators
  An anaconda (shapeshifter) (Vaults:1)
  30 dancing weapons
  15 death yaks
  6 tengu warriors
  3 hell hogs
  6 deep troll earth magi
  12 ogre magi
  14 vampire magi
  4 orc high priests (Orc:2)
  A queen ant (Lair:7)
  8 shock serpents
  13 thrashing horrors
  46 sun demons (Pan)
  A storm dragon zombie (D:15)
  23 naga sharpshooters
  A spriggan berserker (Depths:3)
  27 soul eaters
  20 deep elf knights
  8 spriggans
  7 wretched stars
  2 iron trolls (Depths:3)
  2 fire crabs
  10 shadow wraiths
  8 wizards
  22 hell knights
  2 storm dragon skeletons
  15 infernal demonspawn (Pan)
  A spatial maelstrom (Abyss:3)
  2 salamander mystics
  2 flayed ghosts (Vaults:3)
  2 spriggan druids
  14 deep trolls
  7 naga ritualists
  59 skeletal warriors
  A quicksilver dragon simulacrum (Abyss:1)
  2 golden dragon zombies (Crypt:3)
  21 starcursed masses (Abyss:1)
  13 gelid demonspawn (Pan)
  13 swamp dragons
  An orange crystal statue (Depths:4)
  8 giant orange brains
  10 unseen horrors
  14 shadow demons (Pan)
  A swamp dragon (shapeshifter) (Depths:2)
  3 sea snakes (Snake:3)
  15 deep elf archers
  A shambling mangrove (Swamp:1)
  11 phantasmal warriors
  A sphinx zombie (Crypt:2)
  19 putrid demonspawn (Pan)
  24 orc knights
  7 hill giants
  4 harpies (Vaults:4)
  15 torturous demonspawn (Pan)
  A wolf spider zombie (D:15)
  10 mana vipers
  Pikel (D:6)
  A golden dragon skeleton (Pan)
  An orb spider (shapeshifter) (Vaults:3)
  A lindwurm (shapeshifter) (Depths:5)
  4 wolf spiders
  2 orb spiders (Abyss:1)
  19 ironbrand convokers
  11 necromancers
  10 cyclopes
  59 ugly things
  56 deep elf magi
  A frost giant zombie (Crypt:3)
  A griffon (shapeshifter) (Elf:2)
  18 salamanders
  9 griffons
  2 tengu skeletons
  4 shining eyes
  2 shadow dragon skeletons
  33 sixfirhies (Pan)
  4 oklob plants (Lair:6)
  3 manticores
  A sphinx skeleton (Crypt:1)
  10 orc sorcerers
  9 hornets
  8 rust devils
  18 moths of wrath
  2 apocalypse crabs
  2 octopodes (shapeshifter)
  A shock serpent zombie (Crypt:3)
  2 worldbinders
  A dire elephant zombie (Abyss:1)
  29 black mambas
  An ice statue (IceCv)
  2 stone giant skeletons
  16 vault sentinels
  8 guardian serpents
  A water nymph (shapeshifter) (Vaults:1)
  54 large abominations
  A torpor snail (Lair:7)
  13 naga magi
  An alligator snapping turtle zombie (Crypt:3)
  A gargoyle (D:14)
  49 smoke demons
  Maurice (Orc:1)
  Joseph (D:8)
  A dire elephant skeleton (Crypt:3)
  2 eyes of devastation
  16 spiny frogs
  7 hellions
  26 orange demons
  A black draconian zombie (Crypt:3)
  A pale draconian zombie (Crypt:2)
  A death yak zombie (Crypt:1)
  2 efreet
  A salamander skeleton (Vaults:2)
  A yaktaur (shapeshifter) (Depths:5)
  11 rime drakes
  An alligator snapping turtle skeleton (Crypt:1)
  15 demonic crawlers (Pan)
  2 kobold demonologists
  11 tormentors
  5 ice devils
  19 komodo dragons
  12 freezing wraiths
  A pale draconian skeleton (Crypt:2)
  A komodo dragon (shapeshifter) (Vaults:5)
  69 yaktaurs
  22 red devils (Pan)
  A redback zombie (Crypt:3)
  5 ancient zymes
  A yaktaur skeleton (Vaults:2)
  2 tengu conjurers (Depths:1)
  A queen bee (D:10)
  21 polar bears
  14 wind drakes (Pan)
  A jumping spider (shapeshifter) (Vaults:4)
  19 two-headed ogres
  44 hellwings
  11 trolls
  22 blink frogs
  A blink frog (shapeshifter) (Vaults:3)
  101 slime creatures
  A tengu simulacrum (Depths:1)
  8 boulder beetles
  Grinder (D:3)
  11 giant leeches
  A minotaur skeleton (Crypt:1)
  9 bog bodies
  12 raiju
  A fire giant simulacrum (Abyss:1)
  2 frost giant simulacra
  A slime creature (shapeshifter) (Vaults:3)
  8 shadows
  2 centaur simulacra
  9 redbacks
  39 ynoxinuls
  An ice dragon skeleton (Crypt:3)
  7 air elementals
  13 flying skulls
  3 ettin skeletons
  3 hill giant zombies
  5 water elementals
  14 wraiths
  10 vampires
  A yak (shapeshifter) (D:14)
  69 yaks
  3 fire dragon skeletons
  7 wyverns
  A fire bat (Abyss:1)
  A giant leech zombie (Crypt:1)
  14 basilisks
  9 golden eyes
  20 fire elementals
  22 hippogriffs
  A basilisk (shapeshifter) (D:15)
  19 chaos spawn
  An elf skeleton (Depths:1)
  44 vampire mosquitoes
  4 hungry ghosts
  2 human simulacra (Vaults:3)
  35 neqoxecs
  2 mottled dragons (Vaults:2)
  4 spatial vortices (Abyss:3)
  21 insubstantial wisps
  16 wargs
  A torturous demonspawn zombie (Abyss:1)
  A soldier ant (shapeshifter) (Elf:1)
  73 nagas
  13 water moccasins
  23 swamp worms
  10 hell hounds
  9 soldier ants (Lair:7)
  14 porcupines
  A torturous demonspawn skeleton (Crypt:1)
  74 orc warriors
  2 phantoms
  16 swamp drakes
  A black bear (D:12)
  A black bear (shapeshifter) (Depths:1)
  4 sky beasts
  An ice beast (shapeshifter) (Vaults:3)
  2 slaves (D:6)
  A spiny frog skeleton (Pan)
  5 ice beasts
  A snapping turtle zombie (Crypt:3)
  7 eyes of draining
  54 ogres
  2 human zombies (Vaults:1)
  5 necrophages
  An ogre (shapeshifter) (Depths:4)
  A swamp dragon zombie (Crypt:1)
  38 centaurs
  A tengu (shapeshifter) (Depths:2)
  12 boggarts
  26 wolves
  A snapping turtle skeleton (Crypt:2)
  11 wasps
  A lindwurm skeleton (Crypt:2)
  5 human skeletons
  An orc skeleton (Vaults:2)
  15 crocodiles
  A big kobold (shapeshifter) (Vaults:3)
  4 big kobolds
  A komodo dragon zombie (Crypt:3)
  16 small abominations
  Blork the orc (D:5)
  2 elf zombies (Elf:1)
  14 giant frogs
  2 earth elementals
  2 wyvern zombies
  3 wyvern skeletons
  7 scorpions
  A spriggan zombie (Crypt:3)
  8 troll zombies (WizLab)
  22 killer bees
  A spriggan skeleton (Crypt:3)
  5 electric eels
  27 wights
  A yak skeleton (Crypt:2)
  8 howler monkeys
  5 centaur zombies
  12 crimson imps
  A giant frog zombie (D:11)
  17 jellies
  5 quasits
  Crazy Yiuf (D:2)
  31 orc wizards
  3 giant frog skeletons
  31 orc priests
  3 hounds
  An iron imp (Abyss:1)
  7 iguanas
  Jessica (D:3)
  4 centaur skeletons
  A hell rat (shapeshifter) (Depths:4)
  4 hell rats (Lair:7)
  27 worker ants
  51 sheep
  4 ogre zombies (WizLab)
  2 hound skeletons
  4 mummies
  Robin (D:2)
  3 gnolls (D:7)
  2 worker ant zombies
  14 adders
  25 river rats
  8 shadow imps
  6 white imps
  A giant eyeball (shapeshifter) (Vaults:5)
  4 ufetubi
  An adder skeleton (D:8)
  An iguana skeleton (Crypt:2)
  2 worms
  2 dart slugs (D:1)
  5 giant geckos
  118 orcs
  3 giant cockroaches
  A gnoll skeleton (Crypt:2)
  7 hobgoblins
  10 jackals
  27 kobolds
  A ball python (D:4)
  4 bats
  5 giant newts
  15 goblins
  A jackal skeleton (D:5)
  An orc zombie (Crypt:3)
  A quokka skeleton (D:8)
  2 rats (D:1)
  2 lost souls (Crypt:3)
  A lurking horror (Abyss:1)
  2 plants
3982 creatures vanquished.

Vanquished Creatures (collateral kills)
  A greater naga (Snake:4)
  3 naga sharpshooters
  A naga mage (Snake:4)
  3 nagas (Snake:4)
8 creatures vanquished.

Vanquished Creatures (others)
  An eldritch tentacle (Pan)
  A tengu reaver (Vaults:5)
  A fire giant (Depths:4)
  A draconian zealot (Zot:2)
  A balrug (Pan)
  A vampire knight (Vaults:2)
  A hell beast (Pan)
  A dancing weapon (D:13)
  A deep elf knight (Vaults:1)
  A sun demon (Pan)
  2 shock serpents (Snake:4)
  An ironbrand convoker (Vaults:5)
  A yaktaur (Vaults:1)
  A ynoxinul (Pan)
  2 water elementals (Abyss:1)
  A basilisk (shapeshifter) (Depths:3)
  A hippogriff (Lair:7)
  A chaos spawn (Pan)
  A vampire mosquito (Vaults:3)
  100 eldritch tentacle segments (Pan)
  25 fungi
  A lost soul (Crypt:1)
  14 plants
  6 starspawn tentacles (Abyss:3)
  4 starspawn tentacle segments (Abyss:3)
  15 withered plants (Crypt:3)
186 creatures vanquished.

Grand Total: 4176 creatures vanquished

Notes
Turn   | Place    | Note
--------------------------------------------------------------
     0 | D:1      | Gorice the Demonspawn Arcane Marksman began the quest for the Orb.
     0 | D:1      | Reached XP level 1. HP: 15/15 MP: 2/2
    82 | D:1      | Reached skill level 2 in Crossbows
   114 | D:1      | HP: 3/15 [kobold/whip (5)]
   148 | D:1      | Gained mutation: You have a pair of small horns on your head. [demonic ancestry]
   148 | D:1      | Reached XP level 2. HP: 5/21 MP: 3/3
   398 | D:1      | HP: 3/21 [hobgoblin/club (4)]
   407 | D:1      | HP: 3/21 [bat (1)]
   409 | D:1      | HP: 1/21 [bat (1)]
   817 | D:1      | Reached skill level 2 in Fighting
  1031 | D:1      | Reached XP level 3. HP: 27/27 MP: 4/4
  1294 | D:2      | Noticed Robin
  1314 | D:2      | Killed Robin
  1338 | D:2      | Reached skill level 3 in Crossbows
  1362 | D:2      | Upgraded the game from 0.18-a0-1560-ge216ca8 to 0.18-a0-1562-gac8da35
  1401 | D:2      | Gained mutation: You are partially covered in sharp spines. [demonic ancestry]
  1401 | D:2      | Reached XP level 4. HP: 33/33 MP: 5/5
  1490 | D:2      | Found an oddly glowing altar of Pakellas.
  1756 | D:2      | Noticed Crazy Yiuf
  1763 | D:2      | Killed Crazy Yiuf
  1763 | D:2      | Reached skill level 1 in Armour
  1972 | D:3      | Noticed Jessica
  1976 | D:3      | Killed Jessica
  1976 | D:3      | Reached skill level 4 in Crossbows
  1976 | D:3      | Gained mutation: Your flesh is heat resistant. [demonic ancestry]
  1976 | D:3      | Reached XP level 5. HP: 37/39 MP: 6/6
  2133 | D:3      | Reached skill level 3 in Fighting
  2237 | D:3      | Noticed Grinder
  2242 | D:3      | Paralysed by Grinder for 2 turns
  2247 | D:3      | Killed Grinder
  2247 | D:3      | Reached skill level 5 in Crossbows
  2247 | D:3      | Reached skill level 2 in Armour
  2247 | D:3      | Gained mutation: You have a pair of horns on your head. [demonic ancestry]
  2247 | D:3      | Reached XP level 6. HP: 18/47 MP: 7/7
  3359 | D:4      | Gained mutation: You are mostly covered in sharp spines. [demonic ancestry]
  3359 | D:4      | Reached XP level 7. HP: 53/53 MP: 8/8
  3622 | D:5      | Entered Level 5 of the Dungeon
  3741 | D:5      | Reached skill level 4 in Fighting
  4056 | D:5      | Reached skill level 3 in Armour
  4113 | D:5      | Reached skill level 6 in Crossbows
  4480 | D:6      | Found a staircase to the Ecumenical Temple.
  4486 | D:6      | Noticed Blork the orc
  4488 | D:6      | Noticed Pikel
  4496 | D:5      | Killed Blork the orc
  4546 | D:6      | Gained mutation: You are surrounded by a mild repulsion field (EV +2). [demonic ancestry]
  4546 | D:6      | Reached XP level 8. HP: 61/61 MP: 9/9
  4690 | D:6      | Reached skill level 5 in Fighting
  4690 | D:6      | Reached skill level 4 in Armour
  4748 | D:6      | Killed Pikel
  4748 | D:6      | Reached skill level 7 in Crossbows
  4805 | Temple   | Entered the Ecumenical Temple
  4904 | Temple   | Became a worshipper of Warmaster Okawaru
  5086 | D:6      | Found a glowing golden altar of the Shining One.
  5285 | D:7      | Reached XP level 9. HP: 69/69 MP: 10/10
  5320 | D:7      | Reached skill level 6 in Fighting
  5320 | D:7      | Reached skill level 8 in Crossbows
  5350 | D:7      | Reached skill level 5 in Armour
  5482 | D:7      | Reached * piety under Okawaru
  5918 | D:7      | Found a blossoming altar of Fedhas.
  6286 | D:7      | Identified a scroll of acquirement
  6371 | D:8      | Noticed Joseph
  6465 | D:8      | Reached skill level 9 in Crossbows
  6486 | D:8      | Killed Joseph
  6486 | D:8      | Reached ** piety under Okawaru
  6486 | D:8      | Reached skill level 7 in Fighting
  6486 | D:8      | Reached skill level 6 in Armour
  6768 | D:8      | Reached XP level 10. HP: 79/79 MP: 11/11
  7092 | D:9      | Reached *** piety under Okawaru
  7123 | D:9      | Reached skill level 10 in Crossbows
  7370 | D:9      | Found a staircase to the Orcish Mines.
  7549 | D:9      | Reached skill level 7 in Armour
  7550 | D:9      | Reached **** piety under Okawaru
  7550 | D:9      | Received a gift from Okawaru
  7551 | D:9      | Reached skill level 8 in Fighting
  7871 | D:10     | Entered Level 10 of the Dungeon
  7976 | D:10     | Found a staircase to the Lair.
  8021 | Lair:1   | Entered Level 1 of the Lair of Beasts
  8176 | D:10     | Reached skill level 11 in Crossbows
  8192 | D:10     | Received a gift from Okawaru
  8195 | D:10     | Gained mutation: You are completely covered in sharp spines. [demonic ancestry]
  8195 | D:10     | Reached XP level 11. HP: 82/87 MP: 12/12
  8201 | D:10     | Noticed a hill giant
  8202 | D:10     | Killed a hill giant
  8278 | D:10     | Received a gift from Okawaru
  8373 | D:10     | Noticed a hill giant
  8375 | D:10     | Killed a hill giant
  8375 | D:10     | Reached skill level 8 in Armour
  8520 | D:10     | Received a gift from Okawaru
  8520 | D:10     | Reached skill level 9 in Fighting
  9098 | Lair:1   | Reached ***** piety under Okawaru
  9128 | Lair:1   | Received a gift from Okawaru
  9387 | Lair:2   | Reached skill level 12 in Crossbows
  9506 | Lair:2   | --Book of Enchants and !hw on same square - nice!
  9997 | Lair:3   | Received a gift from Okawaru
 10151 | Lair:3   | Reached skill level 10 in Fighting
 10336 | Lair:3   | Received a gift from Okawaru
 10336 | Lair:3   | Gained mutation: You have a pair of large horns on your head. [demonic ancestry]
 10336 | Lair:3   | Reached XP level 12. HP: 97/97 MP: 13/13
 10379 | Lair:3   | Reached ****** piety under Okawaru
 10379 | Lair:3   | Reached skill level 9 in Armour
 10381 | Lair:3   | Received a gift from Okawaru
 10772 | Lair:4   | Reached skill level 13 in Crossbows
 10879 | Lair:4   | Noticed a death yak
 10900 | Lair:3   | Killed a death yak
 10900 | Lair:3   | Received a gift from Okawaru
 10901 | Lair:3   | Got a pair of smoking boots {god gift}
 10907 | Lair:3   | Identified the +2 pair of boots "Nerph" {rC+ MR+ MP+9 Int+3} (Okawaru gifted it to you on level 3 of the Lair of Beasts)
 10907 | Lair:3   | --Nice boots!
 10923 | Lair:4   | Noticed a death yak
 10923 | Lair:4   | Noticed a death yak
 11030 | Lair:4   | Noticed a death yak
 11034 | Lair:4   | Noticed a death yak
 11039 | Lair:3   | Killed a death yak
 11108 | Lair:3   | Killed a death yak
 11128 | Lair:3   | Killed a death yak
 11376 | Lair:4   | Noticed a six-headed hydra
 11379 | Lair:4   | Killed a six-headed hydra
 11591 | Lair:4   | Noticed a death yak
 11597 | Lair:4   | Killed a death yak
 12093 | Lair:5   | Reached skill level 11 in Fighting
 12100 | Lair:5   | Noticed a six-headed hydra
 12101 | Lair:5   | Noticed a four-headed hydra
 12137 | Lair:5   | Noticed a four-headed hydra
 12423 | Lair:4   | Reached skill level 1 in Invocations
 12440 | Lair:4   | Reached skill level 14 in Crossbows
 12619 | Lair:5   | Reached skill level 10 in Armour
 12652 | Lair:5   | Reached XP level 13. HP: 100/106 MP: 14/14
 12655 | Lair:5   | Reached skill level 2 in Invocations
 12656 | Lair:5   | Received a gift from Okawaru
 12667 | Lair:5   | --Wow: sniper as 1st acquire and
 12667 | Lair:5   | --now Hellfire as first Oka weapon gift!
 12786 | Lair:5   | Reached skill level 3 in Invocations
 13146 | Lair:6   | Found a frozen archway.
 13168 | IceCv    | Entered an ice cave
 13260 | IceCv    | Reached skill level 4 in Invocations
 13428 | IceCv    | Reached skill level 5 in Invocations
 14028 | IceCv    | Noticed a frost giant
 14033 | IceCv    | Killed a frost giant
 14033 | IceCv    | Received a gift from Okawaru
 14033 | IceCv    | Reached skill level 15 in Crossbows
 14033 | IceCv    | Reached skill level 6 in Invocations
 14331 | Lair:6   | Found a staircase to the Snake Pit.
 14344 | Lair:6   | Noticed Nessos
 14347 | Lair:6   | Killed Nessos
 15083 | Lair:6   | Received a gift from Okawaru
 15193 | Lair:6   | Found a viscous altar of Jiyva.
 15193 | Lair:6   | Found a staircase to the Slime Pits.
 15217 | Lair:6   | Found a staircase to the Swamp.
 15553 | Lair:6   | Reached skill level 11 in Armour
 15555 | Lair:6   | Reached skill level 7 in Invocations
 15648 | Lair:7   | Noticed Maud
 15715 | Lair:7   | Reached XP level 14. HP: 98/113 MP: 19/19
 15984 | Lair:7   | Received a gift from Okawaru
 16044 | Lair:7   | Killed Maud
 16044 | Lair:7   | Reached skill level 8 in Invocations
 16649 | Lair:7   | HP: 30/113 [eight-headed hydra (5)]
 16649 | Lair:7   | HP: 11/113 [eight-headed hydra (8)]
 17070 | Lair:7   | Reached skill level 16 in Crossbows
 17228 | Lair:7   | Received a gift from Okawaru
 17229 | Lair:7   | Got an iridescent arbalest {god gift}
 17230 | Lair:7   | Identified the +11 arbalest of Watchfulness {elec, rF+} (Okawaru gifted it to you on level 7 of the Lair of Beasts)
 17231 | Lair:7   | --wow, nice arbalest, I'll add it to the pile with Hellfire!
 17277 | Lair:7   | Reached skill level 9 in Invocations
 17713 | Lair:8   | Entered Level 8 of the Lair of Beasts
 17791 | Lair:8   | Found a dark tunnel.
 17799 | Volcano  | Entered a volcano
 18359 | Lair:8   | Received a gift from Okawaru
 18722 | Lair:8   | Reached skill level 12 in Armour
 19008 | Lair:8   | HP: 33/113 [death yak (19)]
 19028 | Lair:8   | HP: 31/113 [death yak (5)]
 19607 | Lair:8   | Received a gift from Okawaru
 19607 | Lair:8   | Reached XP level 15. HP: 96/118 MP: 21/21
 19708 | Lair:8   | Got a bone short sword
 19922 | Lair:8   | Reached skill level 17 in Crossbows
 20329 | Orc:1    | Entered Level 1 of the Orcish Mines
 20530 | Orc:2    | Entered Level 2 of the Orcish Mines
 20530 | Orc:2    | Noticed an orc warlord
 20794 | Orc:2    | Killed an orc warlord
 21028 | Orc:2    | Found a staircase to the Elven Halls.
 21576 | Orc:2    | Received a gift from Okawaru
 21646 | Orc:2    | Found Nunwe's Book Boutique.
 21646 | Orc:2    | Found Fitsusm's Antique Weapon Emporium.
 21650 | Orc:2    | Found Uruuck's Antique Weapon Boutique.
 21650 | Orc:2    | Found Leuvam's Antique Weapon Emporium.
 21754 | Orc:2    | Noticed an orc warlord
 21776 | Orc:2    | Noticed an orc warlord
 21905 | Orc:2    | Killed an orc warlord
 21913 | Orc:2    | Received a gift from Okawaru
 22088 | Orc:2    | Found a roughly hewn altar of Beogh.
 22483 | Orc:2    | Killed an orc warlord
 22535 | Orc:1    | Noticed Maurice
 22546 | Orc:1    | Killed Maurice
 22648 | Orc:1    | Noticed Harold
 22674 | Orc:1    | Killed Harold
 22674 | Orc:1    | Reached skill level 13 in Armour
 23111 | Orc:1    | Reached skill level 18 in Crossbows
 24356 | D:12     | Found Nanomatu's Weapon Boutique.
 24713 | D:12     | Gained mutation: You are agile. (Dex +2) [potion of beneficial mutation]
 25168 | D:13     | Noticed Rupert
 25236 | D:12     | Received a gift from Okawaru
 25316 | D:13     | Killed Rupert
 25442 | D:13     | Received a gift from Okawaru
 25724 | D:13     | Received a gift from Okawaru
 25731 | D:13     | Reached XP level 16. HP: 115/125 MP: 22/22
 25779 | D:13     | Found a gate to the Vaults.
 25838 | D:13     | Noticed Josephine
 25839 | D:13     | Killed Josephine
 25874 | D:13     | Received a gift from Okawaru
 25875 | D:13     | Got a crystal arbalest {god gift}
 25882 | D:13     | Identified the +0 arbalest of the Skies Above {freeze, rF+} (Okawaru gifted it to you on level 13 of the Dungeon)
 26606 | D:14     | Found Gozag's Platinum Reserve.
 26607 | D:14     | Found an opulent altar of Gozag.
 27087 | D:15     | Entered Level 15 of the Dungeon
 27217 | D:15     | Reached skill level 19 in Crossbows
 27322 | D:15     | --Woah, +0 PDA just lying on the floor! Armour sorted!
 27360 | D:15     | Received a gift from Okawaru
 27402 | D:15     | Found a staircase to the Depths.
 27411 | D:15     | Received a gift from Okawaru
 27571 | D:15     | Reached skill level 14 in Armour
 27713 | D:15     | Received a gift from Okawaru
 28771 | Snake:1  | Entered Level 1 of the Snake Pit
 28862 | Snake:1  | Found Zaewuh's Magic Scroll Emporium.
 29373 | Snake:1  | Noticed Nikola
 29382 | Snake:1  | Killed Nikola
 30016 | Snake:1  | HP: 26/125 [shock serpent/bolt of electricity (24)]
 30044 | Snake:1  | HP: 36/125 [shock serpent/bolt of electricity (13)]
 30457 | Snake:2  | Reached skill level 1 in Evocations
 30765 | Snake:2  | Noticed Donald
 30773 | Snake:2  | Killed Donald
 30842 | Snake:2  | Reached skill level 2 in Evocations
 31102 | Snake:2  | Gained mutation: Your magical and physical power is slightly enhanced at high health. [demonic ancestry]
 31102 | Snake:2  | Reached XP level 17. HP: 92/131 MP: 23/23
 31108 | Snake:2  | Reached skill level 3 in Evocations
 31625 | Snake:2  | Received a gift from Okawaru
 31633 | Snake:2  | Got a slimy arbalest {god gift}
 31634 | Snake:2  | Identified the +7 arbalest of Trial by Ordeal {freeze, Int+4} (Okawaru gifted it to you on level 2 of the Snake Pit)
 31877 | Snake:3  | Reached skill level 4 in Evocations
 31878 | Snake:3  | Reached skill level 20 in Crossbows
 31922 | Snake:2  | HP: 39/131 [poisoned by a sea snake]
 31928 | Snake:2  | HP: 36/131 [poisoned by a sea snake]
 31933 | Snake:2  | HP: 33/131 [poisoned by a sea snake]
 31938 | Snake:2  | HP: 33/131 [poisoned by a sea snake]
 31943 | Snake:2  | HP: 32/131 [poisoned by a sea snake]
 31951 | Snake:2  | HP: 33/131 [poisoned by a sea snake]
 32594 | Snake:3  | Reached skill level 5 in Evocations
 32797 | Snake:3  | Received a gift from Okawaru
 32806 | Snake:3  | Got a polished rapier {god gift}
 32807 | Snake:3  | Identified the +6 rapier "Sorchuly" {pierce, +Inv rC+ MR- Dex+4} (Okawaru gifted it to you on level 3 of the Snake Pit)
 32949 | Snake:3  | Reached skill level 15 in Armour
 33626 | Swamp:1  | Entered Level 1 of the Swamp
 33913 | Swamp:1  | Noticed Roxanne
 34010 | Swamp:1  | HP: 26/131 [shambling mangrove (26)]
 34467 | Swamp:1  | Reached skill level 6 in Evocations
 35002 | Swamp:1  | Got an ancient ring mail
 35029 | Swamp:1  | Identified the +4 ring mail of Yhyjora {rPois Str+2 Dex-2 SInv} (You found it on level 1 of the Swamp)
 35029 | Swamp:1  | --hmm not brilliant but it'll do for Swamp
 35406 | Swamp:2  | Noticed AnCiEnTIStOnEIBeAsT's ghost (adept DsBe)
 35695 | Swamp:2  | HP: 39/131 [AnCiEnTIStOnEIBeAsT's ghost (10)]
 35697 | Swamp:2  | HP: 13/131 [AnCiEnTIStOnEIBeAsT's ghost (26)]
 35706 | Swamp:2  | HP: 32/131 [vampire mosquito (2)]
 36049 | Swamp:2  | Received a gift from Okawaru
 36401 | Swamp:2  | Reached skill level 2 in Dodging
 36539 | Swamp:1  | Received a gift from Okawaru
 36539 | Swamp:1  | Reached skill level 7 in Evocations
 36947 | Snake:4  | Entered Level 4 of the Snake Pit
 37462 | Snake:3  | Received a gift from Okawaru
 37467 | Snake:3  | Got a bronze crystal plate armour {god gift}
 37486 | Snake:2  | Identified the +12 crystal plate armour "Zats" {-Tele rPois rN+ MR+} (Okawaru gifted it to you on level 3 of the Snake Pit)
 37512 | Snake:3  | Reached skill level 3 in Dodging
 37629 | Snake:4  | Noticed Louise
 37672 | Snake:4  | Killed Louise
 37907 | Snake:4  | Noticed Saint Roka
 38140 | Snake:4  | Killed Saint Roka
 38140 | Snake:4  | Reached skill level 4 in Dodging
 38140 | Snake:4  | Reached skill level 8 in Evocations
 38140 | Snake:4  | Gained mutation: You are surrounded by a moderate repulsion field (EV +3). [demonic ancestry]
 38140 | Snake:4  | Reached XP level 18. HP: 111/138 MP: 24/24
 38362 | Snake:4  | HP: 37/138 [naga/halberd (6)]
 38367 | Snake:4  | HP: 30/138 [poisoned by a naga mage (splash of poison)]
 38372 | Snake:4  | HP: 28/138 [poisoned by a naga mage (splash of poison)]
 38372 | Snake:4  | HP: 12/138 [naga sharpshooter/bolt (2)]
 39080 | Snake:4  | Reached skill level 5 in Dodging
 39458 | Snake:4  | Received a gift from Okawaru
 39809 | Snake:4  | Reached skill level 9 in Evocations
 40182 | Snake:4  | Received a gift from Okawaru
 40189 | Snake:4  | Got a pair of encrusted boots {god gift}
 40203 | Snake:4  | Identified the +2 pair of boots of the Lost Curses {rPois Int+3} (Okawaru gifted it to you on level 4 of the Snake Pit)
 40446 | Snake:4  | Reached skill level 6 in Dodging
 41300 | Snake:4  | Reached skill level 10 in Evocations
 41301 | Snake:4  | Reached skill level 21 in Crossbows
 41488 | Snake:4  | Reached skill level 7 in Dodging
 42148 | Snake:4  | Got a serpentine rune of Zot
 42713 | Swamp:2  | Killed AnCiEnTIStOnEIBeAsT's ghost
 42713 | Swamp:2  | Received a gift from Okawaru
 42763 | Swamp:2  | Got a slimy hand axe {venom}
 42764 | Swamp:2  | Identified the cursed +3 hand axe "Fegyx" {venom, Fragile rN++ Dex+4} (You took it off a spriggan on level 2 of the Swamp)
 43115 | Swamp:2  | Gained mutation: Your magical and physical power is enhanced at high health. [demonic ancestry]
 43115 | Swamp:2  | Reached XP level 19. HP: 143/145 MP: 26/26
 43995 | Swamp:3  | Reached skill level 8 in Dodging
 44466 | Swamp:4  | Entered Level 4 of the Swamp
 44634 | Swamp:4  | Reached skill level 12 in Fighting
 44856 | Swamp:4  | Noticed the 27-headed Lernaean hydra
 44864 | Swamp:4  | Killed the 27-headed Lernaean hydra
 44885 | Swamp:4  | Received a gift from Okawaru
 45088 | Swamp:4  | Got a flickering granite ring
 45089 | Swamp:4  | Identified the ring "Erghach" {rN+ Str+2 Slay+2} (You found it on level 4 of the Swamp)
 45521 | Swamp:4  | Reached skill level 9 in Dodging
 45819 | Swamp:4  | Got a polished ring mail
 45875 | Swamp:4  | Got a decaying rune of Zot
 46104 | Lair:6   | Identified the +7 ring mail "Xaddaa" {Str+4 Int+3} (You found it on level 4 of the Swamp)
 46108 | Lair:6   | Upgraded the game from 0.18-a0-1562-gac8da35 to 0.18-a0-1570-gf60b0ab
 46599 | Vaults:1 | Entered Level 1 of the Vaults
 47542 | Vaults:1 | Reached skill level 13 in Fighting
 47730 | Vaults:1 | Received a gift from Okawaru
 47752 | Vaults:1 | Reached skill level 10 in Dodging
 47889 | Vaults:1 | Received a gift from Okawaru
 48160 | Vaults:1 | Got a faintly glowing hand crossbow
 48161 | Vaults:1 | Identified the +5 hand crossbow of Doubt {freeze, *Contam rElec Int+3 Dex+4} (You found it on level 1 of the Vaults)
 48349 | Vaults:1 | Received a gift from Okawaru
 48349 | Vaults:1 | Reached XP level 20. HP: 155/157 MP: 27/27
 49513 | Vaults:2 | Reached skill level 22 in Crossbows
 49527 | Vaults:2 | Reached skill level 11 in Dodging
 49529 | Vaults:2 | Received a gift from Okawaru
 49596 | Vaults:2 | Reached skill level 14 in Fighting
 49611 | Vaults:2 | Found a staircase to the Crypt.
 49680 | Vaults:2 | Noticed Wiglaf
 49804 | Vaults:1 | Upgraded the game from 0.18-a0-1570-gf60b0ab to 0.18-a0-1572-g0a86841
 49812 | Vaults:2 | Killed Wiglaf
 49864 | Vaults:2 | Received a gift from Okawaru
 49883 | Vaults:2 | Noticed Agnes
 49886 | Vaults:2 | Killed Agnes
 50189 | Vaults:2 | Received a gift from Okawaru
 50611 | Vaults:2 | Received a gift from Okawaru
 50954 | Vaults:2 | Received a gift from Okawaru
 51168 | Vaults:2 | Received a gift from Okawaru
 51168 | Vaults:2 | Reached skill level 16 in Armour
 51293 | Vaults:2 | Reached skill level 12 in Dodging
 51296 | Vaults:2 | Received a gift from Okawaru
 51355 | Vaults:2 | Reached skill level 15 in Fighting
 51743 | Vaults:2 | HP: 36/162 [enormous slime creature (60)]
 51746 | Vaults:2 | HP: 10/162 [orc priest/divine providence[an orc knight] (10)]
 52319 | Vaults:3 | Gained mutation: Your magical and physical power is greatly enhanced at high health. [demonic ancestry]
 52319 | Vaults:3 | Reached XP level 21. HP: 165/168 MP: 28/28
 52692 | Vaults:3 | Noticed Norris
 52699 | Vaults:3 | Killed Norris
 52822 | Vaults:3 | Reached skill level 11 in Evocations
 52975 | Vaults:3 | Received a gift from Okawaru
 53185 | Vaults:3 | Received a gift from Okawaru
 53299 | Vaults:3 | Reached skill level 13 in Dodging
 53623 | Vaults:3 | Received a gift from Okawaru
 53649 | Vaults:3 | Reached skill level 12 in Evocations
 54160 | Orc:2    | Bought a book of Spatial Translocations for 910 gold pieces
 54162 | Orc:2    | Learned a level 1 spell: Apportation
 54165 | Orc:2    | Learned a level 2 spell: Blink
 54169 | Orc:2    | Learned a level 3 spell: Portal Projectile
 54329 | Lair:1   | Learned a level 4 spell: Passage of Golubria
 54605 | Vaults:4 | Reached skill level 1 in Translocations
 54818 | Vaults:4 | Noticed Mara
 54822 | Vaults:4 | Killed Mara
 54822 | Vaults:4 | Received a gift from Okawaru
 54822 | Vaults:4 | Reached skill level 2 in Spellcasting
 54822 | Vaults:4 | Reached skill level 2 in Translocations
 54826 | Vaults:4 | Reached skill level 3 in Translocations
 54833 | Vaults:4 | Got a faintly glowing cloak {god gift}
 54844 | Vaults:4 | Identified the +2 cloak "Kousm" {Int+4} (Okawaru gifted it to you on level 4 of the Vaults)
 54943 | Vaults:4 | Noticed Margery
 54955 | Vaults:4 | Killed Margery
 54955 | Vaults:4 | Reached skill level 3 in Spellcasting
 55047 | Vaults:4 | Reached skill level 4 in Translocations
 55262 | Vaults:4 | Reached skill level 5 in Translocations
 55366 | Vaults:4 | Reached skill level 4 in Spellcasting
 55390 | Vaults:4 | Upgraded the game from 0.18-a0-1572-g0a86841 to 0.18-a0-1575-g920359c
 55429 | Vaults:4 | Reached skill level 6 in Translocations
 55564 | Vaults:4 | Reached XP level 22. HP: 175/175 MP: 31/31
 55617 | Vaults:4 | Found Peih's Armour Shoppe.
 55621 | Vaults:4 | Found Peqan's Antique Armour Emporium.
 55678 | Vaults:4 | Found Nymneow's Antique Armour Shop.
 55716 | Vaults:4 | Bought a pair of runed gloves for 144 gold pieces
 56279 | Crypt:1  | Entered Level 1 of the Crypt
 56289 | Crypt:1  | Received a gift from Okawaru
 56300 | Crypt:1  | Reached skill level 7 in Translocations
 56419 | Crypt:1  | Reached skill level 14 in Dodging
 56458 | Crypt:1  | Reached skill level 5 in Spellcasting
 56543 | Crypt:1  | Received a gift from Okawaru
 56675 | Crypt:1  | Reached skill level 8 in Translocations
 56762 | Crypt:1  | Found an ancient bone altar of Kikubaaqudgha.
 56767 | Crypt:1  | Got a fine steel ring
 56785 | Crypt:1  | Learned a level 6 spell: Haste
 56801 | Crypt:1  | Identified the ring "Lynadil" {MP+9 EV+3} (You found it on level 1 of the Crypt)
 56931 | Crypt:1  | Reached skill level 6 in Spellcasting
 57729 | Crypt:2  | Reached skill level 9 in Translocations
 57734 | Crypt:2  | Reached skill level 1 in Charms
 57822 | Crypt:2  | Reached skill level 2 in Charms
 57984 | Crypt:2  | Reached skill level 3 in Charms
 58118 | Crypt:2  | Received a gift from Okawaru
 58118 | Crypt:2  | Reached skill level 4 in Charms
 58131 | Crypt:2  | Reached skill level 7 in Spellcasting
 58579 | Crypt:3  | Entered Level 3 of the Crypt
 58602 | Crypt:3  | Noticed an ancient lich
 58612 | Crypt:3  | Killed an ancient lich
 58612 | Crypt:3  | Reached skill level 5 in Charms
 58830 | Crypt:3  | Reached skill level 6 in Charms
 59012 | Crypt:3  | Reached XP level 23. HP: 181/181 MP: 34/34
 59059 | Crypt:3  | Noticed Khufu
 59061 | Crypt:3  | Noticed a greater mummy
 59069 | Crypt:3  | Killed a greater mummy
 59069 | Crypt:3  | HP: 40/181 [??? (24)]
 59385 | Crypt:3  | Reached skill level 8 in Spellcasting
 59446 | Crypt:3  | Reached skill level 7 in Charms
 59502 | Crypt:3  | Reached skill level 15 in Dodging
 59503 | Crypt:3  | Received a gift from Okawaru
 59597 | Crypt:3  | Reached skill level 8 in Charms
 59615 | Crypt:3  | Got an iridescent whip {slash}
 59616 | Crypt:3  | Identified the cursed +1 whip of Eternal Vigilance {slash, rN+} (You took it off a vampire on level 3 of the Crypt)
 59731 | Crypt:3  | Found an ancient bone altar of Kikubaaqudgha.
 59784 | Crypt:3  | Found a basalt altar of Yredelemnul.
 59848 | Crypt:3  | Got an ichor-stained rapier
 59851 | Crypt:3  | Identified the +0 rapier "Pyneska" {pierce, *Noise MP+9 Dex+3} (You found it on level 3 of the Crypt)
 59934 | Crypt:3  | Found a staircase to the Tomb.
 60100 | Crypt:3  | Received a gift from Okawaru
 60248 | Crypt:3  | Killed Khufu
 60248 | Crypt:3  | Reached skill level 9 in Spellcasting
 60248 | Crypt:3  | Reached skill level 9 in Charms
 60423 | D:13     | Upgraded the game from 0.18-a0-1575-g920359c to 0.18-a0-1577-gf591c28
 60652 | Elf:1    | Entered Level 1 of the Elven Halls
 60658 | Elf:1    | Received a gift from Okawaru
 60781 | Elf:1    | Noticed Asterion
 60785 | Elf:1    | Killed Asterion
 61042 | Elf:1    | Identified the Tome of Evil
 61073 | Elf:1    | Found Soumpoad's Quality Used Wands.
 61461 | Elf:2    | Found a runed gate.
 61461 | Elf:2    | Found a runed gate.
 61462 | Elf:2    | Found a runed gate.
 61617 | Elf:2    | Reached skill level 10 in Charms
 62275 | Elf:3    | Entered Level 3 of the Elven Halls
 62454 | Elf:3    | Noticed namelastname112's ghost (adept DrGl)
 62475 | Elf:3    | Killed namelastname112's ghost
 62475 | Elf:3    | Received a gift from Okawaru
 62754 | Elf:3    | Reached skill level 11 in Charms
 62770 | Elf:3    | Reached skill level 10 in Spellcasting
 62770 | Elf:3    | Gained mutation: You are immune to clouds of flame. [demonic ancestry]
 62770 | Elf:3    | Reached XP level 24. HP: 156/188 MP: 37/37
 62785 | Elf:3    | HP: 51/188 [ghostly deep elf blademaster/rapier of draining (13)]
 62999 | Elf:3    | Received a gift from Okawaru
 63004 | Elf:3    | Reached skill level 16 in Dodging
 63212 | Elf:3    | Found Moihedd's Armour Boutique.
 63342 | Elf:3    | Reached skill level 12 in Charms
 63401 | Elf:3    | Got a crude lapis lazuli ring
 63407 | Elf:3    | Got a fine great sword {speed}
 63407 | Elf:3    | Got a steaming chain mail
 63454 | Elf:3    | Identified the +11 great sword "Tyaffoph" {speed, rF+ Str+4 Dex-5} (You took it off a deep elf high priest on level 3 of the Elven Halls)
 63455 | Elf:3    | Identified the +13 chain mail of the Snake Pit {*Confuse rC+++ rCorr Slay+3} (You took it off a deep elf high priest on level 3 of the Elven Halls)
 63456 | Elf:3    | Identified the ring "Feuvew" {rF+ Int+5} (You took it off a deep elf high priest on level 3 of the Elven Halls)
 63540 | Elf:3    | --woah a manual of Xbows!
 63568 | Elf:3    | Got a heavily runed scale mail
 63569 | Elf:3    | Identified the +1 scale mail "Lahoxze" {Int+4} (You found it on level 3 of the Elven Halls)
 64253 | Elf:3    | Identified the Incunabulum of the Voyage
 64296 | Elf:3    | Identified the Papyrus of Transmutation
 64301 | Elf:3    | Identified the Tome of Dislocated Protection
 64777 | Depths:1 | Entered Level 1 of the Depths
 64782 | Depths:1 | Noticed namelastname112's ghost (journeyman DrBe)
 64785 | Depths:1 | Killed namelastname112's ghost
 65017 | Depths:1 | Found a gateway to Hell.
 65112 | Depths:1 | Reached skill level 11 in Spellcasting
 65114 | Depths:1 | Received a gift from Okawaru
 65200 | Depths:1 | Identified the Catalogue of Conjuration
 65734 | Depths:2 | Reached skill level 13 in Charms
 65865 | Depths:2 | Found a one-way gate to the infinite horrors of the Abyss.
 65920 | Depths:2 | Found a magical portal.
 65929 | WizLab   | Entered Zonguldrok's Shrine
 66280 | WizLab   | Noticed an antique lich
 66285 | WizLab   | Killed an antique lich
 66285 | WizLab   | Received a gift from Okawaru
 66289 | WizLab   | Got a transparent halberd {god gift}
 66550 | Depths:2 | Reached skill level 16 in Fighting
 67093 | Depths:2 | Identified Baobb's Collected Works on the Voyage
 67441 | Depths:3 | Received a gift from Okawaru
 67443 | Depths:3 | Reached skill level 14 in Charms
 67543 | Depths:3 | Gained mutation: Your demonic aura causes spilled blood to erupt in flames. [demonic ancestry]
 67543 | Depths:3 | Reached XP level 25. HP: 173/197 MP: 38/38
 67598 | Depths:3 | Received a gift from Okawaru
 67602 | Depths:3 | Reached skill level 12 in Spellcasting
 67807 | Depths:3 | Found a one-way gate leading to the halls of Pandemonium.
 68489 | Depths:3 | Received a gift from Okawaru
 68723 | Depths:3 | Received a gift from Okawaru
 68976 | Depths:4 | Reached skill level 15 in Charms
 68984 | Depths:4 | Reached skill level 23 in Crossbows
 69053 | Depths:4 | Noticed stickyfingers's ghost (legendary HuAs)
 69069 | Depths:4 | Killed stickyfingers's ghost
 69069 | Depths:4 | Received a gift from Okawaru
 69108 | Depths:4 | Found a gateway to a ziggurat.
 69352 | Depths:4 | Found a runed door.
 69546 | Depths:4 | Received a gift from Okawaru
 69778 | Depths:4 | Found a runed door.
 70108 | Depths:4 | Noticed a juggernaut
 70116 | Depths:4 | Killed a juggernaut
 70116 | Depths:4 | Reached skill level 17 in Fighting
 70237 | Depths:5 | Entered Level 5 of the Depths
 70273 | Depths:5 | Reached skill level 24 in Crossbows
 70387 | Depths:5 | Noticed Jory
 70392 | Depths:5 | Killed Jory
 70519 | Depths:5 | Found a gate to the Realm of Zot.
 70556 | Depths:5 | Reached XP level 26. HP: 116/209 MP: 39/39
 70890 | Depths:5 | Noticed Xtahua
 70899 | Depths:5 | Killed Xtahua
 70899 | Depths:5 | Received a gift from Okawaru
 71011 | Depths:5 | Got a fine plate armour
 71019 | Depths:5 | Identified the +0 plate armour of the Desert {rN+ MP-9 Str+4} (You found it on level 5 of the Depths)
 71633 | Lair:1   | Learned a level 2 spell: Swiftness
 71635 | Lair:1   | Learned a level 1 spell: Summon Butterflies
 71906 | Vaults:5 | Entered Level 5 of the Vaults
 71908 | Vaults:5 | Reached skill level 1 in Summonings
 71914 | Vaults:5 | Reached skill level 2 in Summonings
 71919 | Vaults:4 | Received a gift from Okawaru
 71922 | Vaults:4 | Reached skill level 18 in Fighting
 71924 | Vaults:4 | Reached skill level 3 in Summonings
 71958 | Vaults:4 | Reached skill level 4 in Summonings
 72218 | Vaults:5 | Noticed an ancient lich
 72223 | Vaults:4 | Reached skill level 5 in Summonings
 72506 | Vaults:4 | Killed an ancient lich
 72506 | Vaults:4 | Reached skill level 6 in Summonings
 72516 | Vaults:4 | HP: 62/211 [poison (poison gas)]
 72521 | Vaults:4 | HP: 58/211 [poison (poison gas)]
 72526 | Vaults:4 | HP: 55/211 [poison (poison gas)]
 72531 | Vaults:4 | HP: 54/211 [poison (poison gas)]
 72536 | Vaults:4 | HP: 53/211 [poison (poison gas)]
 72542 | Vaults:4 | HP: 54/211 [poison (poison gas)]
 72550 | Vaults:4 | HP: 56/211 [poison (poison gas)]
 73062 | Vaults:4 | Reached skill level 7 in Summonings
 73314 | Vaults:5 | Noticed Frederick
 73457 | Vaults:4 | Reached skill level 8 in Summonings
 73686 | Vaults:5 | HP: 61/213 [deep troll shaman[an ironheart preserver] (4)]
 73691 | Vaults:5 | HP: 57/213 [poisoned by a halberd of venom]
 73697 | Vaults:5 | HP: 46/213 [poisoned by a halberd of venom]
 73702 | Vaults:5 | HP: 46/213 [poisoned by a halberd of venom]
 73707 | Vaults:5 | HP: 46/213 [poisoned by a halberd of venom]
 73714 | Vaults:5 | HP: 47/213 [poisoned by a halberd of venom]
 73722 | Vaults:5 | HP: 49/213 [poisoned by a halberd of venom]
 73904 | Vaults:5 | Noticed an ancient lich
 73911 | Vaults:5 | Killed an ancient lich
 73911 | Vaults:5 | Reached skill level 9 in Summonings
 74169 | Vaults:5 | Received a gift from Okawaru
 74204 | Vaults:5 | Identified a +0 pair of boots of running (You found it on level 5 of the Vaults)
 74221 | Vaults:5 | Got a silver rune of Zot
 74257 | Vaults:5 | Reached skill level 10 in Summonings
 74496 | Vaults:5 | Reached skill level 19 in Fighting
 75024 | Vaults:5 | Identified The Intricacies of Secret Knowledge (You found it on level 5 of the Vaults)
 75063 | Vaults:5 | Got a slimy cloak
 75074 | Vaults:5 | Identified the +2 cloak "Qiyrrutyo" {rN+++ MR- Regen+ Str-3} (You found it on level 5 of the Vaults)
 75608 | Vaults:5 | Identified the Papyrus of Transmutation
 75726 | Vaults:5 | Gained mutation: You are surrounded by a strong repulsion field (EV +4, rMsl). [demonic ancestry]
 75726 | Vaults:5 | Reached XP level 27. HP: 208/221 MP: 39/39
 76767 | Lair:1   | Got a pitted crystal plate armour
 76778 | Lair:1   | Identified the +9 crystal plate armour of Boiling Hail {*Corrode MR++ Int+6} (You acquired it on level 1 of the Lair of Beasts)
 76911 | Slime:1  | Entered Level 1 of the Pits of Slime
 77427 | Slime:6  | Entered Level 6 of the Pits of Slime
 77524 | Slime:6  | Received a gift from Okawaru
 77553 | Slime:6  | Gained mutation: Armour fits poorly on your strangely shaped body. [a shining eye]
 77646 | Slime:6  | Noticed the Royal Jelly
 77669 | Slime:6  | Killed the Royal Jelly
 77669 | Slime:6  | Received a gift from Okawaru
 77669 | Slime:6  | Received a gift from Okawaru
 77669 | Slime:6  | Reached skill level 25 in Crossbows
 77669 | Slime:6  | Reached skill level 17 in Armour
 77712 | Slime:6  | Got a faintly glowing triple crossbow {god gift}
 77713 | Slime:6  | Identified the +3 triple crossbow "Oseng" {elec, rC+} (Okawaru gifted it to you on level 6 of the Pits of Slime)
 77777 | Slime:6  | Got a slimy rune of Zot
 77910 | Slime:6  | Gained mutation: You tend to lose your temper in combat. [a shining eye]
 78503 | Depths:2 | Voluntarily entered the Abyss.
 78507 | Abyss:1  | Found a shattered altar of Ashenzari.
 78529 | Abyss:1  | Found a corrupted altar of Lugonu.
 78784 | Abyss:1  | Gained mutation: Your mind is acute. (Int +2) [a neqoxec]
 78785 | Abyss:1  | Gained mutation: Your magical capacity is low (-10% MP). [a neqoxec]
 78907 | Abyss:1  | Found a corrupted altar of Lugonu.
 78935 | Abyss:1  | Found a corrupted altar of Lugonu.
 78986 | Abyss:1  | Reached skill level 20 in Fighting
 79104 | Abyss:1  | Received a gift from Okawaru
 79213 | Abyss:1  | Paralysed by accursed screaming for 1 turns
 79220 | Abyss:1  | HP: 62/224 [starcursed mass/accursed screaming (7)]
 79225 | Abyss:1  | HP: 51/224 [starcursed mass/accursed screaming (5)]
 79920 | Abyss:3  | Gained mutation: You are frail (-10% HP). [a neqoxec]
 80097 | Abyss:3  | Found a corrupted altar of Lugonu.
 80121 | Abyss:3  | Got an abyssal rune of Zot
 80246 | Depths:2 | Escaped the Abyss
 80392 | Zot:1    | Entered Level 1 of the Realm of Zot
 81188 | Zot:1    | Reached skill level 18 in Armour
 82272 | Zot:3    | Received a gift from Okawaru
 82316 | Zot:3    | Reached skill level 21 in Fighting
 82360 | Zot:3    | Noticed an orb of fire
 82361 | Zot:3    | Gained mutation: Your spells are a little easier to cast, but a little less powerful. [an orb of fire]
 82363 | Zot:3    | Killed an orb of fire
 82381 | Zot:3    | Noticed an orb of fire
 82387 | Zot:3    | Killed an orb of fire
 82469 | Zot:3    | Received a gift from Okawaru
 82527 | Zot:3    | Upgraded the game from 0.18-a0-1577-gf591c28 to 0.18-a0-1626-g65af6d3
 83211 | Zot:3    | Received a gift from Okawaru
 83261 | Zot:3    | Reached skill level 26 in Crossbows
 84025 | Zot:4    | Reached skill level 19 in Armour
 84057 | Zot:4    | HP: 57/206 [green draconian/dire flail (9)]
 84467 | Zot:4    | Received a gift from Okawaru
 84639 | Zot:4    | HP: 47/207 [black draconian/bolt of lightning (25)]
 84649 | Zot:4    | HP: 61/207 [purple draconian/hand axe of venom (8)]
 84655 | Zot:4    | HP: 62/207 [poisoned by a purple draconian]
 84657 | Zot:4    | Reached skill level 22 in Fighting
 84663 | Zot:4    | HP: 62/207 [poisoned by a purple draconian]
 84940 | Zot:3    | Upgraded the game from 0.18-a0-1626-g65af6d3 to 0.18-a0-1628-g61c6396
 86163 | Lair:1   | Learned a level 3 spell: Regeneration
 86170 | Lair:1   | Learned a level 6 spell: Shadow Creatures
 86179 | Lair:1   | Learned a level 8 spell: Controlled Blink
 86346 | Pan      | Entered Pandemonium
 86354 | Pan      | Found a runed door.
 86376 | Pan      | Found a runed door.
 86421 | Pan      | Found a runed door.
 86431 | Pan      | Found a runed door.
 86474 | Pan      | Noticed Voogouro the pandemonium lord
 86482 | Pan      | Killed Voogouro the pandemonium lord
 86482 | Pan      | Reached skill level 20 in Armour
 86497 | Pan      | Got a demonic rune of Zot
 86502 | Pan      | Got a slimy golden ring
 86511 | Pan      | Identified the Reference Book on the Earthen Snowflakes
 86619 | Pan      | --That was a quick rune!
 86619 | Pan      | --now it'll be ages before any of the uniques show up!
 86623 | Pan      | Received a gift from Okawaru
 86628 | Pan      | Got a pair of pitted gloves {god gift}
 86648 | Pan      | Identified the +0 pair of gloves "Pinipoetz" {*Drain rElec rN+++ Regen+} (Okawaru gifted it to you in Pandemonium)
 86773 | Pan      | HP: 53/209 [??? (26)]
 86778 | Pan      | HP: 55/209 [monstrous black sun (1)]
 86790 | Pan      | HP: 49/209 [demonic crawler (2)]
 86796 | Pan      | Got a brightly glowing bronze ring
 86945 | Pan      | Gained mutation: Your body sometimes deteriorates upon taking damage. [a neqoxec]
 86967 | Pan      | HP: 47/209 [??? (26)]
 86997 | Pan      | HP: 41/209 [Ice Fiend/bolt of cold (24)]
 87076 | Pan      | HP: 52/209 [??? (20)]
 87080 | Pan      | HP: 12/209 [Ice Fiend (22)]
 87480 | Pan      | Found an exit through the horrors of the Abyss.
 87601 | Pan      | HP: 59/209 [balrug/fireball (9)]
 87606 | Pan      | HP: 58/209 [poisoned by a balrug]
 87844 | Pan      | Noticed Wevo the pandemonium lord
 87849 | Pan      | Killed Wevo the pandemonium lord
 87869 | Pan      | Identified the ring "Osikh" {+Fly Dex+2} (You found it in Pandemonium)
 87870 | Pan      | Identified the ring "Dirry" {rC+ MP+9 Str+3 Stlth-} (You took it off a monstrous demonspawn in Pandemonium)
 87946 | Pan      | Noticed Wile Ideho the pandemonium lord
 87956 | Pan      | Killed Wile Ideho the pandemonium lord
 87956 | Pan      | Reached skill level 23 in Fighting
 87956 | Pan      | Reached skill level 27 in Crossbows
 88097 | Pan      | Reached skill level 1 in Stealth
 88177 | Pan      | Reached skill level 2 in Stealth
 88204 | Pan      | Received a gift from Okawaru
 88256 | Pan      | Noticed Yriprapp the pandemonium lord
 88259 | Pan      | Reached skill level 3 in Stealth
 88266 | Pan      | Killed Yriprapp the pandemonium lord
 88285 | Pan      | Reached skill level 4 in Stealth
 88439 | Pan      | Gained mutation: You are weak. (Str -2) [a neqoxec]
 88448 | Pan      | Received a gift from Okawaru
 88545 | Pan      | Reached skill level 5 in Stealth
 88664 | Pan      | Reached skill level 21 in Armour
 88673 | Pan      | HP: 63/212 [poisoned by a ghost moth]
 88675 | Pan      | Gained mutation: You occasionally shout uncontrollably at your foes. [a cacodemon]
 88678 | Pan      | HP: 60/212 [poisoned by a ghost moth]
 88683 | Pan      | HP: 50/212 [poisoned by a ghost moth]
 88689 | Pan      | HP: 45/212 [poisoned by a balrug]
 88695 | Pan      | HP: 43/212 [poisoned by a balrug]
 88700 | Pan      | HP: 42/212 [poisoned by a balrug]
 88705 | Pan      | HP: 42/212 [poisoned by a balrug]
 88712 | Pan      | HP: 42/212 [poisoned by a balrug]
 88717 | Pan      | HP: 46/212 [poisoned by a balrug]
 88725 | Pan      | HP: 55/212 [poisoned by a balrug]
 88730 | Pan      | HP: 52/212 [smoke demon/divine providence (11)]
 88737 | Pan      | HP: 53/212 [smoke demon/divine providence (12)]
 88738 | Pan      | HP: 18/212 [hellion/damnation (21)]
 88881 | Pan      | Reached skill level 6 in Stealth
 89081 | Pan      | Received a gift from Okawaru
 89099 | Pan      | Lost mutation: Your mind is acute. (Int +2) [a neqoxec]
 89472 | Pan      | Reached skill level 7 in Stealth
 89550 | Pan      | Noticed Zaapiog the pandemonium lord
 89561 | Pan      | Killed Zaapiog the pandemonium lord
 89583 | Pan      | Noticed Rouco the pandemonium lord
 89594 | Pan      | Killed Rouco the pandemonium lord
 89741 | Pan      | Reached skill level 8 in Stealth
 89988 | Pan      | Gained mutation: You are very frail (-20% HP). [a cacodemon]
 89989 | Pan      | Received a gift from Okawaru
 89989 | Pan      | Reached skill level 24 in Fighting
 90104 | Pan      | Found an exit through the horrors of the Abyss.
 90133 | Pan      | Reached skill level 9 in Stealth
 90133 | Pan      | HP: 50/190 [ynoxinul/iron shot (14)]
 90138 | Pan      | HP: 46/190 [poisoned by a green death (bolt of poison)]
 90144 | Pan      | HP: 50/190 [poisoned by a green death (bolt of poison)]
 90149 | Pan      | HP: 55/190 [poisoned by a green death (bolt of poison)]
 90313 | Pan      | Entered the realm of Mnoleg.
 90384 | Pan      | Received a gift from Okawaru
 90393 | Pan      | Got a pair of blackened boots {god gift}
 90400 | Pan      | Identified the +0 pair of boots of Intuition {+Inv +Fly Regen+ Int-2} (Okawaru gifted it to you in Pandemonium)
 90454 | Pan      | Gained mutation: Scrolls take you a little longer to read. [a cacodemon]
 90562 | Pan      | Found an exit through the horrors of the Abyss.
 90658 | Pan      | Got a bound lead ring
 90714 | Pan      | Gained mutation: Your spells are easier to cast, but less powerful. [a neqoxec]
 90847 | Pan      | Gained mutation: Your body often deteriorates upon taking damage. [a neqoxec]
 90848 | Pan      | Lost mutation: You occasionally shout uncontrollably at your foes. [a neqoxec]
 90902 | Pan      | Noticed Mnoleg
 90904 | Pan      | Gained mutation: Your spells are much easier to cast, but much less powerful. [a cacodemon]
 90938 | Pan      | Killed Mnoleg
 90997 | Pan      | Got a glowing rune of Zot
 91082 | Pan      | Reached skill level 10 in Stealth
 91107 | Pan      | Lost mutation: You are agile. (Dex +2) [a neqoxec]
 91269 | Pan      | Reached skill level 22 in Armour
 91473 | Pan      | Found an exit through the horrors of the Abyss.
 91575 | Pan      | Reached skill level 10 in Translocations
 91769 | Pan      | Found an exit through the horrors of the Abyss.
 91861 | Pan      | Entered the realm of Lom Lobon.
 91889 | Pan      | Received a gift from Okawaru
 91895 | Pan      | Identified the ring "Kiffeul" {MP+9 Dex+4} (You found it in Pandemonium)
 91918 | Pan      | Learned a level 2 spell: Cure Poison
 92067 | Pan      | Reached skill level 11 in Translocations
 92082 | Pan      | HP: 54/192 [rakshasa/orb of energy (15)]
 92087 | Pan      | HP: 52/192 [poisoned by a green death (bolt of poison)]
 92095 | Pan      | HP: 53/192 [poisoned by a green death (bolt of poison)]
 92409 | Pan      | HP: 51/192 [spriggan air mage/the air (7)]
 92414 | Pan      | HP: 49/192 [poisoned by a green death (poison arrow)]
 92419 | Pan      | HP: 48/192 [poisoned by a green death (poison arrow)]
 92426 | Pan      | HP: 45/192 [poisoned by a green death (poison arrow)]
 92440 | Pan      | HP: 44/192 [spriggan air mage/the air (17)]
 92501 | Pan      | HP: 56/192 [poisoned by a green death (poison gas)]
 92506 | Pan      | HP: 52/192 [poisoned by a green death (poison gas)]
 92508 | Pan      | Reached skill level 12 in Translocations
 92511 | Pan      | HP: 48/192 [poisoned by a green death (poison gas)]
 92516 | Pan      | HP: 47/192 [poisoned by a green death (poison gas)]
 92730 | Pan      | Noticed Lom Lobon
 92751 | Pan      | Killed Lom Lobon
 92751 | Pan      | Reached skill level 25 in Fighting
 92772 | Pan      | Got a magical rune of Zot
 92880 | Pan      | Received a gift from Okawaru
 93244 | Pan      | Reached skill level 13 in Translocations
 93248 | Pan      | HP: 57/193 [reaper/scythe of distortion (15)]
 93278 | Pan      | HP: 56/193 [balrug/divine providence (9)]
 93538 | Pan      | Noticed Equil the pandemonium lord
 93549 | Pan      | HP: 50/193 [Equil the pandemonium lord (11)]
 93556 | Pan      | Killed Equil the pandemonium lord
 93558 | Pan      | HP: 11/193 [Hell Sentinel/damnation (45)]
 93626 | Pan      | HP: 56/193 [ynoxinul (3)]
 93837 | Pan      | Received a gift from Okawaru
 93871 | Pan      | Reached skill level 14 in Translocations
 93900 | Pan      | Noticed Miopn the pandemonium lord
 93918 | Pan      | HP: 44/193 [Miopn the pandemonium lord (18)]
 93919 | Pan      | Killed Miopn the pandemonium lord
 94264 | Pan      | Found an exit through the horrors of the Abyss.
 94334 | Pan      | Noticed Hippeisch the pandemonium lord
 94382 | Pan      | Reached skill level 15 in Translocations
 94418 | Pan      | Killed Hippeisch the pandemonium lord
 94431 | Pan      | Received a gift from Okawaru
 94651 | Pan      | Noticed Zuokk the pandemonium lord
 94660 | Pan      | Killed Zuokk the pandemonium lord
 94706 | Depths:3 | Escaped Pandemonium
 95051 | Pan      | Entered Pandemonium
 95097 | Pan      | Found a huge runed gate.
 95108 | Pan      | Noticed Zighoy the pandemonium lord
 95113 | Pan      | Killed Zighoy the pandemonium lord
 95113 | Pan      | Reached skill level 16 in Translocations
 95139 | Pan      | Entered the realm of Gloorx Vloq.
 95324 | Pan      | Received a gift from Okawaru
 95364 | Pan      | Found an exit through the horrors of the Abyss.
 95452 | Pan      | Reached skill level 26 in Fighting
 95685 | Pan      | Noticed Gloorx Vloq
 95706 | Pan      | HP: 37/196 [??? (23)]
 95712 | Pan      | HP: 38/196 [??? (23)]
 95716 | Pan      | HP: 11/194 [Gloorx Vloq (23)]
 95721 | Pan      | HP: 52/196 [Executioner[Gloorx Vloq] (5)]
 95721 | Pan      | HP: 22/196 [??? (11)]
 95721 | Pan      | HP: 7/196 [Executioner[Gloorx Vloq] (15)]
 95722 | Pan      | Slain by Gloorx Vloq

Vault maps used:
D:1:      evilmike_arrival_hilbert_curve
D:2:      grunt_pakellas_salt, uniq_crazy_yiuf_cottage, uniq_robin
D:3:      minmay_misc_feat_square, uniq_grinder, uniq_jessica
D:4:      first_bread, mrwooster_statue_mirror
D:6:      nicolae_overflow_crystal_walls, temple_statues, uniq_pikel,
          uniq_blork_the_orc
D:7:      dk_noncrumbling_4, nrook_uturn, fedhas_altar_fruit_tree
D:8:      uniq_joseph
D:9:      erik_orc_2
D:10:     minmay_lair_entry_grove, david_nohive_1, st_stairs_5
D:11:     boulder_corridor_run
D:12:     serial_shops, kennysheep_mini_moat
D:13:     erik_vaults_1, uniq_josephine, uniq_rupert
D:14:     nicolae_gozag_zags_fifth_avenue, abandoned_shop
D:15:     gammafunk_depths_entry_grave
Temple:   grunt_circular_temple_18
Lair:2:   minivault_23, minivault_26, minivault_11
Lair:3:   beast_lair_carwin_large_2, grunt_megastairs_1, serial_bayou_shore_b,
          lemuel_fruit_fields
Lair:4:   beast_lair_carwin_7
Lair:6:   dpeg_oklob_gauntlet, minmay_swamp_entry_worms,
          guppyfry_snake_entry_island, dpeg_slime_entry_enclosed_altar,
          portal_ice_cave_entry_pillars_02, nicolae_quartered_pool_super,
          uniq_nessos
Lair:7:   zaba_antful_of_joy, bh_autumn_forest_stairs, uniq_maud
Lair:8:   evilmike_catoblepas_cave, nicolae_volcano_entry_two_sided, st_stairs_3
Swamp:1:  hangedman_swamp_lotus, uniq_roxanne
Swamp:2:  evilmike_swamp_ruin_house_3, swamp_pool1
Swamp:3:  evilmike_swamp_ruin_house_1
Swamp:4:  swamp_alternative, swamp_pool1
Snake:1:  serial_shops, nicolae_shop_statue_plus, uniq_nikola
Snake:2:  corexii_hall_statues_i, uniq_donald
Snake:3:  nicolae_snake_biting_tails, grunt_ministairs_13, serial_bayou_shore_a
Snake:4:  grunt_snake_rune_spirals, uniq_louise, uniq_saint_roka
Slime:1:  nicolae_slime_barrier, cheibrodos_slime_lost_civilization_4
Slime:3:  cheibrodos_slime_lost_civilization_5
Orc:1:    uniq_harold, uniq_maurice
Orc:2:    grunt_orc_tribal_feast, basic_altar
Elf:1:    minmay_elf_arrival_circle, minmay_elf_necromancy,
          nicolae_for_you_no_charge, uniq_asterion
Elf:3:    minmay_elf_hall_circle, serial_shops, shop, nicolae_elf_v_pinch,
          grunt_ministairs_2
Vaults:1: st_squares, hangedman_vaults_trim, ontoclasm_vaults_shuriken,
          vaults_mumra_lcd, v_misc_8, vaults_room_stairs_pillars,
          vaults_mumra_chevron_long, grunt_vaults_hallway_long, v_pattern_1,
          nicolae_vaults_yaktaur_gun_rack
Vaults:2: v_misc_1, grunt_vaults_diagonal, vaults_dpeg_hooks, v_misc_10,
          minmay_crypt_entry_skeletal_spiral, vaults_room_hallway,
          hangedman_vaults_river_flow, nicolae_vaults_ninety_degrees,
          sword_in_stone, vaults_mumra_minichess_inversion
Vaults:3: ontoclasm_vaults_chip, v_misc_33, kb_rosetta, v_pattern_3, v_misc_9,
          vaults_room_semicircle, ontoclasm_vaults_claustrophobia,
          nicolae_vaults_stairing_the_circle,
          nicolae_vaults_windows_and_doors_thing, nicolae_vaults_shelves_hall,
          nicolae_vaults_shelves_hall, uniq_norris
Vaults:4: dpeg_vaults_monster_box, ontoclasm_vaults_loading_screen, v_misc_27,
          v_misc_29, vaults_room_corners, grunt_vaults_swirl,
          nicolae_vaults_ring_of_whatevers, vaults_mumra_bighexcomb,
          nicolae_vaults_theta, ontoclasm_vaults_gateway,
          grunt_vaults_trifunnel, vaults_room_semicircle,
          hangedman_vaults_stretched_pinwheel, serial_shops, shop, shop,
          nicolae_shop_statue_plus, uniq_margery, uniq_mara
Vaults:5: uniq_frederick
Crypt:1:  cheibrodos_crypt_down_in_the_bonehoard, serial_glass, glass_columns_c,
          glass_columns_b, unseen_surprise_small, due_unseen_surprise,
          item_on_display_a
Crypt:2:  basic_loot_grate_trap, lemuel_elevator, grunt_megastairs_2
Crypt:3:  lightli_unholy_cathedral, tomb_entry_forgotten_bobbens,
          serial_sigils_hangedman_stare, uniq_khufu
Depths:1: hangedman_coc_ice_floe, hangedman_abyss_or_decor_slice, moated_statue,
          evilmike_butchery
Depths:2: wad_arrow_thing, hangedman_abyss_entry_splay,
          hangedman_tar_grid_catacomb, mu_enter_wizlab_3,
          minmay_misc_feat_encased, infiniplex_staircase_squiggle
Depths:3: evilmike_inaccessible_box, grunt_hell_entry_dis_grunt,
          rand_demon_pan_entry_5, minmay_staircase_bubble
Depths:4: thingy_vault_2, enter_ziggurat_f, hell_entry, abyss_entry,
          hangedman_abyss_or_decor_jellyfish_corner, small_statue_intersection,
          infiniplex_staircase_river, firewood_loft
Depths:5: grunt_zot_entry_bicorn, hangedman_abyss_or_decor_stabs,
          grunt_hell_horde, serial_bayou_shore_b, uniq_jory, uniq_xtahua
Zot:3:    lemuel_firehouse, bh_zot_lava_cross, zot_minivault_5
Zot:4:    lemuel_draconian_sentries, stair_cage_line, grunt_megastairs_5
Abyss:2:  hangedman_summoners_spam
Abyss:3:  hangedman_steaming_rock
Pan:      rand_demon_7, evilmike_mini_pan_pillars, evilmike_mini_pan_3x3,
          pan_blood_fountain, grunt_pan_pentagram, nicolae_pan_cerebovesque_1,
          rand_demon_8, grunt_pan_pentagram, pan_blood_fountain_small,
          evilmike_mini_pan_pillars, nicolae_pan_cerebovesque_1,
          grunt_pan_pentagram, evilmike_mini_pan_V, pan_blood_fountain,
          nicolae_pan_mnolegish_5, lemuel_hall_of_pain, nicolae_pan_sigil_nadil,
          evilmike_mini_pan_corner, evilmike_mini_pan_other_thingy,
          nicolae_pan_mnolegish_3, rand_demon_9, pan_blood_fountain,
          rand_demon_8, nicolae_pan_sigil_itan, nicolae_pan_gloorx_vloqian_2,
          evilmike_mini_pan_corridor, pan_blood_fountain,
          nicolae_pan_sigil_nadil, nicolae_pan_lom_lobonic_1, mnoleg,
          pan_blood_fountain, evilmike_mini_pan_corner,
          nicolae_pan_double_arrow, rand_demon_2, nicolae_pan_diamonds,
          reaverb_pan_squares, nicolae_pan_mnolegish_2,
          lom_lobon_grunt_wind_tunnels, pan_blood_fountain_small,
          nicolae_pan_diamonds, uniq_mennas_pan, nicolae_pan_gloorx_vloqian_4,
          evilmike_mini_pan_V, evilmike_mini_pan_thingy, grunt_pan_pentagram,
          evilmike_mini_pan_thingy, evilmike_mini_pan_thingy, rand_demon_3,
          nicolae_pan_double_arrow, nicolae_pan_sick_transit,
          nicolae_pan_giant_door, evilmike_gloorx_vloq_box
IceCv:    ice_cave_caverns_01
Volcano:  volcano_tomb
WizLab:   wizlab_zonguldrok

Skill      XL: |  1  2  3  4  5  6  7  8  9 10 11 12 13 14 15 16 17 18 19 20 21 22 23 24 25 26 27 |
---------------+----------------------------------------------------------------------------------+-----
Crossbows      | 2 3 4 5 6 7 9 11 12 14 15 16 18 19 20 21 22 24 27 | 27.0
Fighting       | 2 3 4 5 7 8 10 11 13 15 16 17 19 26 | 26.1
Armour         | 1 2 3 4 6 7 8 10 11 12 13 14 15 16 22 | 22.0
Invocations    | 1 7 9 |  9.2
Evocations     | 2 8 10 12 | 12.0
Dodging        | 4 7 10 12 13 14 15 16 | 16.0
Translocations | 6 9 16 | 16.9
Spellcasting   | 4 7 10 11 12 | 12.0
Charms         | 6 11 14 15 | 15.0
Summonings     | 10 | 10.0
Stealth        | 10 | 10.0
Hexes          | |  3.0

Action                   |  1- 3 |  4- 6 |  7- 9 | 10-12 | 13-15 | 16-18 | 19-21 | 22-24 | 25-27 || total
-------------------------+-------+-------+-------+-------+-------+-------+-------+-------+-------++-------
Melee: Whip              |       |       |    23 |    95 |   242 |    32 |     1 |       |       ||   393
       Quarterstaff      |       |       |       |    14 |       |       |       |       |       ||    14
       Heavy crossbow    |       |       |       |       |       |       |       |       |     8 ||     8
       Great sword       |       |       |       |       |       |       |       |       |     6 ||     6
 Fire: Hand crossbow     |   116 |   101 |   202 |       |       |       |       |       |       ||   419
       Heavy crossbow    |       |       |    28 |   281 |   753 |  1027 |  1160 |  1169 |  3240 ||  7658
       Arbalest          |       |       |       |       |    16 |       |       |       |       ||    16
Throw: Throwing net      |       |       |       |       |       |     1 |       |       |       ||     1
 Cast: Portal Projectile |       |       |       |       |       |       |       |     1 |    41 ||    42
       Blink             |       |       |       |       |       |       |       |       |    13 ||    13
       Haste             |       |       |       |       |       |       |       |       |    21 ||    21
       Regeneration      |       |       |       |       |       |       |       |       |   134 ||   134
       Apportation       |       |       |       |       |       |       |       |       |    82 ||    82
       Summon Butterflie |       |       |       |       |       |       |       |       |     8 ||     8
       Cure Poison       |       |       |       |       |       |       |       |       |     4 ||     4
       Swiftness         |       |       |       |       |       |       |       |       |     1 ||     1
       Shadow Creatures  |       |       |       |       |       |       |       |       |     1 ||     1
       Corona            |       |       |       |       |       |       |       |       |     1 ||     1
Invok: Heroism           |       |       |       |       |     6 |    16 |     5 |    12 |    20 ||    59
       Finesse           |       |       |       |       |     3 |     4 |     1 |     2 |     3 ||    13
 Abil: Evoke Invisibilit |       |       |       |       |       |       |       |     1 |     1 ||     2
Evoke: Wand              |       |       |       |     9 |       |    26 |       |     3 |    29 ||    67
       Lamp of fire      |       |       |       |       |       |     1 |       |       |       ||     1
  Use: Scroll            |     5 |     7 |     9 |     7 |    11 |    15 |     7 |    15 |    35 ||   111
       Potion            |       |       |       |       |     4 |     9 |       |     1 |     8 ||    22
  Eat: Chunk             |     1 |     6 |    11 |    19 |    43 |    20 |    35 |    22 |    67 ||   224
       Pizza             |       |       |       |       |     1 |       |     1 |     3 |     3 ||     8
       Bread ration      |       |       |       |       |       |     4 |     1 |     2 |     6 ||    13
       Meat ration       |       |       |       |       |       |     4 |       |     1 |     3 ||     8
       Beef jerky        |       |       |       |       |       |       |       |       |     1 ||     1

Table legend:
 A = Turns spent in this place as a percentage of turns spent in the entire game.
 B = Non-inter-level travel turns spent in this place as a percentage of non-inter-level travel turns spent in the entire game.
 C = Inter-level travel turns spent in this place as a percentage of turns spent in this place.
 D = Turns resting spent in this place as a percentage of non-inter-level travel turns spent in this place.
 E = Turns spent auto-exploring this place as a percentage of non-inter-level travel turns spent in this place.
 F = Non-inter-level travel turns spent in this place divided by the number of levels of this place that you've seen.
                   A       B       C       D       E      F
               +-------+-------+-------+-------+-------+----------------------
         Total | 100.0 | 100.0 |   0.6 |   1.5 |   2.7 | 430.6
       Dungeon |  12.2 |  12.2 |   0.9 |   0.6 |   5.7 | 339.9
        Temple |   0.1 |   0.1 |   0.0 |   0.0 |  34.7 |  49.0
          Lair |  11.0 |  10.8 |   1.6 |   0.7 |   2.9 | 566.2
         Swamp |   5.2 |   5.2 |   0.6 |   2.5 |   2.9 | 545.8
     Snake Pit |   8.9 |   8.9 |   0.6 |   3.6 |   1.9 | 925.8
    Slime Pits |   2.3 |   2.3 |   0.2 |   0.7 |   0.1 | 159.7
  Orcish Mines |   3.2 |   3.2 |   0.8 |   1.5 |   1.8 | 670.0
   Elven Halls |   3.9 |   3.9 |   0.6 |   0.2 |   3.0 | 539.7
        Vaults |  12.4 |  12.4 |   0.7 |   1.6 |   3.3 | 1033.0
         Crypt |   4.5 |   4.5 |   0.5 |   1.4 |   3.5 | 628.7
        Depths |   7.0 |   7.0 |   0.8 |   1.1 |   3.4 | 586.2
           Zot |   5.0 |   5.0 |   0.5 |   1.0 |   3.8 | 526.5
         Abyss |   4.0 |   4.0 |   0.0 |   1.2 |   0.1 | 553.3
   Pandemonium |  17.8 |  17.9 |   0.0 |   1.9 |   0.8 | 241.3
      Ice Cave |   1.0 |   1.0 |   0.0 |   0.9 |   1.9 | 427.0
       Volcano |   0.6 |   0.6 |   0.0 |   1.6 |   0.8 | 249.0
        Wizlab |   0.9 |   0.9 |   0.0 |   0.5 |   0.0 | 385.0
               +-------+-------+-------+-------+-------+----------------------

Vault maps used:
D:1:      evilmike_arrival_hilbert_curve
D:2:      grunt_pakellas_salt, uniq_crazy_yiuf_cottage, uniq_robin
D:3:      minmay_misc_feat_square, uniq_grinder, uniq_jessica
D:4:      first_bread, mrwooster_statue_mirror
D:6:      nicolae_overflow_crystal_walls, temple_statues, uniq_pikel,
          uniq_blork_the_orc
D:7:      dk_noncrumbling_4, nrook_uturn, fedhas_altar_fruit_tree
D:8:      uniq_joseph
D:9:      erik_orc_2
D:10:     minmay_lair_entry_grove, david_nohive_1, st_stairs_5
D:11:     boulder_corridor_run
D:12:     serial_shops, kennysheep_mini_moat
D:13:     erik_vaults_1, uniq_josephine, uniq_rupert
D:14:     nicolae_gozag_zags_fifth_avenue, abandoned_shop
D:15:     gammafunk_depths_entry_grave
Temple:   grunt_circular_temple_18
Lair:2:   minivault_23, minivault_26, minivault_11
Lair:3:   beast_lair_carwin_large_2, grunt_megastairs_1, serial_bayou_shore_b,
          lemuel_fruit_fields
Lair:4:   beast_lair_carwin_7
Lair:6:   dpeg_oklob_gauntlet, minmay_swamp_entry_worms,
          guppyfry_snake_entry_island, dpeg_slime_entry_enclosed_altar,
          portal_ice_cave_entry_pillars_02, nicolae_quartered_pool_super,
          uniq_nessos
Lair:7:   zaba_antful_of_joy, bh_autumn_forest_stairs, uniq_maud
Lair:8:   evilmike_catoblepas_cave, nicolae_volcano_entry_two_sided, st_stairs_3
Swamp:1:  hangedman_swamp_lotus, uniq_roxanne
Swamp:2:  evilmike_swamp_ruin_house_3, swamp_pool1
Swamp:3:  evilmike_swamp_ruin_house_1
Swamp:4:  swamp_alternative, swamp_pool1
Snake:1:  serial_shops, nicolae_shop_statue_plus, uniq_nikola
Snake:2:  corexii_hall_statues_i, uniq_donald
Snake:3:  nicolae_snake_biting_tails, grunt_ministairs_13, serial_bayou_shore_a
Snake:4:  grunt_snake_rune_spirals, uniq_louise, uniq_saint_roka
Slime:1:  nicolae_slime_barrier, cheibrodos_slime_lost_civilization_4
Slime:3:  cheibrodos_slime_lost_civilization_5
Orc:1:    uniq_harold, uniq_maurice
Orc:2:    grunt_orc_tribal_feast, basic_altar
Elf:1:    minmay_elf_arrival_circle, minmay_elf_necromancy,
          nicolae_for_you_no_charge, uniq_asterion
Elf:3:    minmay_elf_hall_circle, serial_shops, shop, nicolae_elf_v_pinch,
          grunt_ministairs_2
Vaults:1: st_squares, hangedman_vaults_trim, ontoclasm_vaults_shuriken,
          vaults_mumra_lcd, v_misc_8, vaults_room_stairs_pillars,
          vaults_mumra_chevron_long, grunt_vaults_hallway_long, v_pattern_1,
          nicolae_vaults_yaktaur_gun_rack
Vaults:2: v_misc_1, grunt_vaults_diagonal, vaults_dpeg_hooks, v_misc_10,
          minmay_crypt_entry_skeletal_spiral, vaults_room_hallway,
          hangedman_vaults_river_flow, nicolae_vaults_ninety_degrees,
          sword_in_stone, vaults_mumra_minichess_inversion
Vaults:3: ontoclasm_vaults_chip, v_misc_33, kb_rosetta, v_pattern_3, v_misc_9,
          vaults_room_semicircle, ontoclasm_vaults_claustrophobia,
          nicolae_vaults_stairing_the_circle,
          nicolae_vaults_windows_and_doors_thing, nicolae_vaults_shelves_hall,
          nicolae_vaults_shelves_hall, uniq_norris
Vaults:4: dpeg_vaults_monster_box, ontoclasm_vaults_loading_screen, v_misc_27,
          v_misc_29, vaults_room_corners, grunt_vaults_swirl,
          nicolae_vaults_ring_of_whatevers, vaults_mumra_bighexcomb,
          nicolae_vaults_theta, ontoclasm_vaults_gateway,
          grunt_vaults_trifunnel, vaults_room_semicircle,
          hangedman_vaults_stretched_pinwheel, serial_shops, shop, shop,
          nicolae_shop_statue_plus, uniq_margery, uniq_mara
Vaults:5: uniq_frederick
Crypt:1:  cheibrodos_crypt_down_in_the_bonehoard, serial_glass, glass_columns_c,
          glass_columns_b, unseen_surprise_small, due_unseen_surprise,
          item_on_display_a
Crypt:2:  basic_loot_grate_trap, lemuel_elevator, grunt_megastairs_2
Crypt:3:  lightli_unholy_cathedral, tomb_entry_forgotten_bobbens,
          serial_sigils_hangedman_stare, uniq_khufu
Depths:1: hangedman_coc_ice_floe, hangedman_abyss_or_decor_slice, moated_statue,
          evilmike_butchery
Depths:2: wad_arrow_thing, hangedman_abyss_entry_splay,
          hangedman_tar_grid_catacomb, mu_enter_wizlab_3,
          minmay_misc_feat_encased, infiniplex_staircase_squiggle
Depths:3: evilmike_inaccessible_box, grunt_hell_entry_dis_grunt,
          rand_demon_pan_entry_5, minmay_staircase_bubble
Depths:4: thingy_vault_2, enter_ziggurat_f, hell_entry, abyss_entry,
          hangedman_abyss_or_decor_jellyfish_corner, small_statue_intersection,
          infiniplex_staircase_river, firewood_loft
Depths:5: grunt_zot_entry_bicorn, hangedman_abyss_or_decor_stabs,
          grunt_hell_horde, serial_bayou_shore_b, uniq_jory, uniq_xtahua
Zot:3:    lemuel_firehouse, bh_zot_lava_cross, zot_minivault_5
Zot:4:    lemuel_draconian_sentries, stair_cage_line, grunt_megastairs_5
Abyss:2:  hangedman_summoners_spam
Abyss:3:  hangedman_steaming_rock
Pan:      rand_demon_7, evilmike_mini_pan_pillars, evilmike_mini_pan_3x3,
          pan_blood_fountain, grunt_pan_pentagram, nicolae_pan_cerebovesque_1,
          rand_demon_8, grunt_pan_pentagram, pan_blood_fountain_small,
          evilmike_mini_pan_pillars, nicolae_pan_cerebovesque_1,
          grunt_pan_pentagram, evilmike_mini_pan_V, pan_blood_fountain,
          nicolae_pan_mnolegish_5, lemuel_hall_of_pain, nicolae_pan_sigil_nadil,
          evilmike_mini_pan_corner, evilmike_mini_pan_other_thingy,
          nicolae_pan_mnolegish_3, rand_demon_9, pan_blood_fountain,
          rand_demon_8, nicolae_pan_sigil_itan, nicolae_pan_gloorx_vloqian_2,
          evilmike_mini_pan_corridor, pan_blood_fountain,
          nicolae_pan_sigil_nadil, nicolae_pan_lom_lobonic_1, mnoleg,
          pan_blood_fountain, evilmike_mini_pan_corner,
          nicolae_pan_double_arrow, rand_demon_2, nicolae_pan_diamonds,
          reaverb_pan_squares, nicolae_pan_mnolegish_2,
          lom_lobon_grunt_wind_tunnels, pan_blood_fountain_small,
          nicolae_pan_diamonds, uniq_mennas_pan, nicolae_pan_gloorx_vloqian_4,
          evilmike_mini_pan_V, evilmike_mini_pan_thingy, grunt_pan_pentagram,
          evilmike_mini_pan_thingy, evilmike_mini_pan_thingy, rand_demon_3,
          nicolae_pan_double_arrow, nicolae_pan_sick_transit,
          nicolae_pan_giant_door, evilmike_gloorx_vloq_box
IceCv:    ice_cave_caverns_01
Volcano:  volcano_tomb
WizLab:   wizlab_zonguldrok
